Workbook

Sheet 00_Introduzione
A1: VI Rapporto Annuale 2026 - OsservaBiella
A2: Goal 9 | B2: Il Goal 9 intende: - costruire infrastrutture di qualità, affidabili, sostenibili e resilienti - promuovere una industrializzazione inclusiva e sostenibile - favorire maggiore efficienza delle risorse impiegate e maggior ricorso a tecnologie “pulite” e rispettose dell’ambiente - potenziare la ricerca scientifica - ridurre il numero di giovani NEET - aumentare significativamente l’accesso alle tecnologie dell’informazione e della comunicazione e fornire un accesso universale e a bassocosto a internet
A3: Elaborazione a cura del Laboratorio Percorsi di secondo welfare | B3: Celestina Valeria De Tommaso, valeria.detommaso@secondowelfare.it Franca Maino, franca.maino@secondowelfare.it Alice Fanelli, alice.fanelli@secondowelfare.it Simona Vinci, simona.vinci@secondowelfare.it
A4: Fondazione Cassa di Risparmio di Biella OsservaBiella – Osservatorio territoriale del Biellese) | B4: Cristina Garavoglia, cristina.garavoglia@fondazionecrbiella.it Sara Diritti, sara.diritti@fondazionecrbiella.it
A5: Come citare | B5: OsservaBiella – Osservatorio territoriale del Biellese (2026), VI Rapporto annuale 2026, Fondazione Cassa di Risparmio di Biella.
A7: Riepilogo degli indicatori del Capitolo 9
A8: Numero indicatore | B8: Gruppo/categoria | C8: Indicatore | D8: Annualità di riferimento | E8: Fonte
A9: 1 | B9: Imprese e territorio | C9: Imprese registrate | D9: 2020-2025 | E9: Camera di Commercio Monte Rosa Laghi Alto Piemonte
A10: 2 | C10: Imprese artigiane | D10: 2020-2025 | E10: Camera di Commercio Monte Rosa Laghi Alto Piemonte
A11: 3 | C11: CIG | D11: 2021-2025 | E11: INPS
A12: 4 | C12: Imprese giovanili | D12: 2020-2025 | E12: Camera di Commercio Monte Rosa Laghi Alto Piemonte
A13: 5 | C13: Imprese BIO | D13: 2021-2025 | E13: Regione Piemonte
A14: 6 | C14: Imprese straniere | D14: 2023-2025 | E14: Camera di Commercio Monte Rosa Laghi Alto Piemonte
A15: 7 | B15: Imprese e prossimità | C15: Servizi per la sanità e l'assistenza sociale | D15: 2020-2025 | E15: Camera di Commercio Monte Rosa Laghi Alto Piemonte
A16: 8 | C16: Istruzione e attività ricreative | D16: 2020-2025 | E16: Camera di Commercio Monte Rosa Laghi Alto Piemonte
A17: 9 | C17: Attività di vendita al dettaglio | D17: 2020-2025 | E17: Camera di Commercio Monte Rosa Laghi Alto Piemonte
A18: 10 | B18: Startup e innovazione | C18: Startup | D18: 2021-2026 | E18: Camera di Commercio Monte Rosa Laghi Alto Piemonte
A19: 11 | C19: Iscrizione e anzianità delle startup | D19: 2025-2026 | E19: Camera di Commercio Monte Rosa Laghi Alto Piemonte
A20: 12 | C20: Settori produttivi | D20: 2021-2025 | E20: Camera di Commercio Monte Rosa Laghi Alto Piemonte
A21: 13 | B21: Produzione industriale ed esportazioni | C21: Valore aggiunto | D21: 2018-2024 | E21: Camera di Commercio Monte Rosa Laghi Alto Piemonte
A22: 14 | C22: Produzione industriale | D22: 2020-2025 | E22: Camera di Commercio Monte Rosa Laghi Alto Piemonte
A23: 15 | C23: Esportazioni | D23: 2020-2025 | E23: Camera di Commercio Monte Rosa Laghi Alto Piemonte
A24: 16 | C24: Imprese associate per settore e dimensione | D24: 2023-2025 | E24: Unione Industriale Biellese
A25: 17 | B25: Turismo e territorio | C25: Numero esercizi ricettivi | D25: 2020-2025 | E25: Camera di Commercio Monte Rosa Laghi Alto Piemonte
A26: 18a | C26: Presenze turistiche dalle altre Regioni italiane | D26: 2018-2025 | E26: Camera di Commercio Monte Rosa Laghi Alto Piemonte
A27: 18b | C27: Presenze e arrivi di turisti dall'estero | D27: 2018-2025 | E27: Camera di Commercio Monte Rosa Laghi Alto Piemonte

Sheet Indicatore 1_Imprese registrate
B3: 2020 | D3: 2021 | F3: 2022 | H3: 2023 | J3: 2024 | L3: 2025
A4: Settore | B4: v.a. | C4: inc. % | D4: v.a. | E4: inc. % | F4: v.a. | G4: inc. % | H4: v.a. | I4: inc. % | J4: v.a. | K4: inc. % | L4: v.a. | M4: inc. %
A5: Agricoltura, silvicoltura e pesca | B5: 1454 | C5: =B5/$B$23 -> 0.083847529 | D5: 1447 | E5: =D5/$D$23 -> 0.085293251 | F5: 1401 | G5: =F5/$F$23 -> 0.084801162 | H5: 1374 | I5: =H5/$H$23 -> 0.085235732 | J5: 1370 | K5: =J5/$J$23 -> 0.085742896 | L5: 1337 | M5: =L5/$L$23 -> 0.084417224
A6: Estrazione di minerali da cave e miniere | B6: 5 | C6: =B6/$B$23 -> 0.00028833401 | D6: 5 | E6: =D6/$D$23 -> 0.00029472443 | F6: 5 | G6: =F6/$F$23 -> 0.00030264512 | H6: 5 | I6: =H6/$H$23 -> 0.0003101737 | J6: 5 | K6: =J6/$J$23 -> 0.00031293028 | L6: 5 | M6: =L6/$L$23 -> 0.00031569643
A7: Attività manifatturiere | B7: 2074 | C7: =B7/$B$23 -> 0.11960095 | D7: 1991 | E7: =D7/$D$23 -> 0.11735927 | F7: 1928 | G7: =F7/$F$23 -> 0.11669996 | H7: 1831 | I7: =H7/$H$23 -> 0.11358561 | J7: 1780 | K7: =J7/$J$23 -> 0.11140318 | L7: 1732 | M7: =L7/$L$23 -> 0.10935724
A8: Fornitura di servizi elettrici, gas, acqua, ecc. | B8: 89 | C8: =B8/$B$23 -> 0.0051323453 | D8: 93 | E8: =D8/$D$23 -> 0.0054818744 | F8: 95 | G8: =F8/$F$23 -> 0.0057502572 | H8: 89 | I8: =H8/$H$23 -> 0.0055210918 | J8: 87 | K8: =J8/$J$23 -> 0.0054449869 | L8: 89 | M8: =L8/$L$23 -> 0.0056193964
A9: Costruzioni | B9: 2628 | C9: =B9/$B$23 -> 0.15154835 | D9: 2544 | E9: =D9/$D$23 -> 0.14995579 | F9: 2378 | G9: =F9/$F$23 -> 0.14393802 | H9: 2345 | I9: =H9/$H$23 -> 0.14547146 | J9: 2337 | K9: =J9/$J$23 -> 0.14626361 | L9: 2276 | M9: =L9/$L$23 -> 0.14370501
A10: Commercio all'ingrosso e al dettaglio | B10: 3807 | C10: =B10/$B$23 -> 0.21953751 | D10: 3718 | E10: =D10/$D$23 -> 0.21915709 | F10: 3604 | G10: =F10/$F$23 -> 0.2181466 | H10: 3487 | I10: =H10/$H$23 -> 0.21631514 | J10: 3412 | K10: =J10/$J$23 -> 0.21354362 | L10: 2995 | M10: =L10/$L$23 -> 0.18910216
A11: Trasporto e magazzinaggio | B11: 217 | C11: =B11/$B$23 -> 0.012513696 | D11: 202 | E11: =D11/$D$23 -> 0.011906867 | F11: 201 | G11: =F11/$F$23 -> 0.012166334 | H11: 201 | I11: =H11/$H$23 -> 0.012468983 | J11: 196 | K11: =J11/$J$23 -> 0.012266867 | L11: 189 | M11: =L11/$L$23 -> 0.011933325
A12: Attività dei servizi di alloggio e di ristorazione | B12: 1216 | C12: =B12/$B$23 -> 0.07012283 | D12: 1167 | E12: =D12/$D$23 -> 0.068788683 | F12: 1127 | G12: =F12/$F$23 -> 0.06821621 | H12: 1089 | I12: =H12/$H$23 -> 0.067555831 | J12: 1075 | K12: =J12/$J$23 -> 0.06728001 | L12: 1081 | M12: =L12/$L$23 -> 0.068253567
A13: Servizi di informazione e comunicazione | B13: 297 | C13: =B13/$B$23 -> 0.01712704 | D13: 301 | E13: =D13/$D$23 -> 0.017742411 | F13: 303 | G13: =F13/$F$23 -> 0.018340294 | H13: 292 | I13: =H13/$H$23 -> 0.018114144 | J13: 298 | K13: =J13/$J$23 -> 0.018650645 | L13: 303 | M13: =L13/$L$23 -> 0.019131203
A14: Attività finanziarie e assicurative | B14: 575 | C14: =B14/$B$23 -> 0.033158411 | D14: 584 | E14: =D14/$D$23 -> 0.034423814 | F14: 575 | G14: =F14/$F$23 -> 0.034804189 | H14: 583 | I14: =H14/$H$23 -> 0.036166253 | J14: 588 | K14: =J14/$J$23 -> 0.036800601 | L14: 613 | M14: =L14/$L$23 -> 0.038704382
A15: Attività immobiliari | B15: 1821 | C15: =B15/$B$23 -> 0.10501125 | D15: 1786 | E15: =D15/$D$23 -> 0.10527557 | F15: 1784 | G15: =F15/$F$23 -> 0.10798378 | H15: 1731 | I15: =H15/$H$23 -> 0.10738213 | J15: 1722 | K15: =J15/$J$23 -> 0.10777319 | L15: 1754 | M15: =L15/$L$23 -> 0.11074631
A16: Attività professionali, scientifiche e tecniche | B16: 559 | C16: =B16/$B$23 -> 0.032235742 | D16: 561 | E16: =D16/$D$23 -> 0.033068081 | F16: 556 | G16: =F16/$F$23 -> 0.033654137 | H16: 578 | I16: =H16/$H$23 -> 0.035856079 | J16: 602 | K16: =J16/$J$23 -> 0.037676806 | L16: 559 | M16: =L16/$L$23 -> 0.03529486
... A22: Imprese non classificate | B22: 818 | C22: =B22/$B$23 -> 0.047171443 | D22: 781 | E22: =D22/$D$23 -> 0.046035956 | F22: 791 | G22: =F22/$F$23 -> 0.047878458 | H22: 741 | I22: =H22/$H$23 -> 0.045967742 | J22: 751 | K22: =J22/$J$23 -> 0.047002128 | L22: 756 | M22: =L22/$L$23 -> 0.0477333
A23: Totale | B23: =SUM(B5:B22) -> 17341 | C23: =SUM(C5:C22) -> 1 | D23: 16965 | E23: =D23/$D$23 -> 1 | F23: =SUM(F5:F22) -> 16521 | G23: =F23/$F$23 -> 1 | H23: 16120 | I23: =H23/$H$23 -> 1 | J23: 15978 | K23: =J23/$J$23 -> 1 | L23: =SUM(L5:L22) -> 15838 | M23: =L23/$L$23 -> 1
A24: Fonte: Elaborazioni Camera di Commercio Monte Rosa Laghi Alto Piemonte, Servizio Informazione Economica su dati InfoCamere
A25: Nota metodologica: eventuali differenze significative tra i dati 2024 e 2025 potrebbero essere riconducibili, almeno in parte, alla variazione dei codici ATECO intervenuta nel periodo considerato. Tale cambiamento può incidere sulla classificazione delle attività e, di conseguenza, sulla comparabilità diretta tra le due annualità.
A27: Imprese attive per settore - Provincia di Biella (2020-2025)
B28: 2020 | D28: 2021 | F28: 2022 | H28: 2023 | J28: 2024 | L28: 2025
A29: Settore | B29: v.a. | C29: % (sul totale delle imprese registrate) | D29: v.a. | E29: % (sul totale delle imprese registrate) | F29: v.a. | G29: % (sul totale delle imprese registrate) | H29: v.a. | I29: % (sul totale delle imprese registrate) | J29: v.a. | K29: % (sul totale delle imprese registrate) | L29: v.a. | M29: % (sul totale delle imprese registrate)
A30: Agricoltura, silvicoltura e pesca | B30: 1441 | C30: =B30/B5 -> 0.99105915 | D30: 1434 | E30: =D30/D5 -> 0.99101589 | F30: 1388 | G30: =F30/F5 -> 0.99072091 | H30: 1362 | I30: =H30/H5 -> 0.99126638 | J30: 1359 | K30: =J30/J5 -> 0.9919708 | L30: 1325 | M30: =L30/L5 -> 0.99102468
A31: Estrazione di minerali da cave e miniere | B31: 5 | C31: 1 | D31: 5 | E31: =D31/D6 -> 1 | F31: 5 | G31: =F31/F6 -> 1 | H31: 4 | I31: =H31/H6 -> 0.8 | J31: 4 | K31: =J31/J6 -> 0.8 | L31: 4 | M31: =L31/L6 -> 0.8
A32: Attività manifatturiere | B32: 1736 | C32: =B32/B7 -> 0.83702989 | D32: 1693 | E32: =D32/D7 -> 0.85032647 | F32: 1637 | G32: =F32/F7 -> 0.84906639 | H32: 1575 | I32: =H32/H7 -> 0.86018569 | J32: 1534 | K32: =J32/J7 -> 0.86179775 | L32: 1502 | M32: =L32/L7 -> 0.86720554
A33: Fornitura di servizi elettrici, gas, acqua, etc. | B33: 78 | C33: =B33/B8 -> 0.87640449 | D33: 82 | E33: =D33/D8 -> 0.88172043 | F33: 82 | G33: =F33/F8 -> 0.86315789 | H33: 78 | I33: =H33/H8 -> 0.87640449 | J33: 79 | K33: =J33/J8 -> 0.90804598 | L33: 81 | M33: =L33/L8 -> 0.91011236
A34: Costruzioni | B34: 2421 | C34: =B34/B9 -> 0.92123288 | D34: 2360 | E34: =D34/D9 -> 0.92767296 | F34: 2198 | G34: =F34/F9 -> 0.92430614 | H34: 2174 | I34: =H34/H9 -> 0.92707889 | J34: 2169 | K34: =J34/J9 -> 0.92811297 | L34: 2126 | M34: =L34/L9 -> 0.9340949
A35: Commercio all'ingrosso e al dettaglio | B35: 3462 | C35: =B35/B10 -> 0.90937746 | D35: 3400 | E35: =D35/D10 -> 0.91447015 | F35: 3289 | G35: =F35/F10 -> 0.91259711 | H35: 3149 | I35: =H35/H10 -> 0.90306854 | J35: 3095 | K35: =J35/J10 -> 0.90709261 | L35: 2721 | M35: =L35/L10 -> 0.90851419
A36: Trasporto e magazzinaggio | B36: 183 | C36: =B36/B11 -> 0.84331797 | D36: 172 | E36: =D36/D11 -> 0.85148515 | F36: 170 | G36: =F36/F11 -> 0.84577114 | H36: 167 | I36: =H36/H11 -> 0.83084577 | J36: 168 | K36: =J36/J11 -> 0.85714286 | L36: 161 | M36: =L36/L11 -> 0.85185185
A37: Attività dei servizi di alloggio e di ristorazione | B37: 973 | C37: =B37/B12 -> 0.80016447 | D37: 962 | E37: =D37/D12 -> 0.8243359 | F37: 921 | G37: =F37/F12 -> 0.81721384 | H37: 892 | I37: =H37/H12 -> 0.81910009 | J37: 882 | K37: =J37/J12 -> 0.82046512 | L37: 892 | M37: =L37/L12 -> 0.82516189
A38: Servizi di informazione e comunicazione | B38: 268 | C38: =B38/B13 -> 0.9023569 | D38: 277 | E38: =D38/D13 -> 0.92026578 | F38: 276 | G38: =F38/F13 -> 0.91089109 | H38: 273 | I38: =H38/H13 -> 0.93493151 | J38: 279 | K38: =J38/J13 -> 0.93624161 | L38: 283 | M38: =L38/L13 -> 0.9339934
A39: Attività finanziarie e assicurative | B39: 556 | C39: =B39/B14 -> 0.96695652 | D39: 569 | E39: =D39/D14 -> 0.97431507 | F39: 560 | G39: =F39/F14 -> 0.97391304 | H39: 567 | I39: =H39/H14 -> 0.97255575 | J39: 574 | K39: =J39/J14 -> 0.97619048 | L39: 597 | M39: =L39/L14 -> 0.97389886
A40: Attività immobiliari | B40: 1694 | C40: =B40/B15 -> 0.9302581 | D40: 1656 | E40: =D40/D15 -> 0.92721165 | F40: 1649 | G40: =F40/F15 -> 0.92432735 | H40: 1608 | I40: =H40/H15 -> 0.92894281 | J40: 1604 | K40: =J40/J15 -> 0.93147503 | L40: 1627 | M40: =L40/L15 -> 0.92759407
A41: Attività professionali, scientifiche e tecniche | B41: 495 | C41: =B41/B16 -> 0.88550984 | D41: 513 | E41: =D41/D16 -> 0.9144385 | F41: 504 | G41: =F41/F16 -> 0.90647482 | H41: 527 | I41: =H41/H16 -> 0.91176471 | J41: 554 | K41: =J41/J16 -> 0.92026578 | L41: 518 | M41: =L41/L16 -> 0.92665474
A42: Noleggio, agenzie di viaggio, servizi di supporto alle imprese | B42: 546 | C42: =B42/B17 -> 0.90397351 | D42: 548 | E42: =D42/D17 -> 0.90878939 | F42: 553 | G42: =F42/F17 -> 0.90655738 | H42: 542 | I42: =H42/H17 -> 0.90183028 | J42: 539 | K42: =J42/J17 -> 0.91822828 | L42: 597 | M42: =L42/L17 -> 0.92990654
A43: Istruzione | B43: 76 | C43: =B43/B18 -> 0.9047619 | D43: 78 | E43: =D43/D18 -> 0.90697674 | F43: 79 | G43: =F43/F18 -> 0.91860465 | H43: 84 | I43: =H43/H18 -> 0.93333333 | J43: 85 | K43: =J43/J18 -> 0.93406593 | L43: 80 | M43: =L43/L18 -> 0.8988764
... A47: Imprese non classificate | B47: 2 | C47: =B47/B22 -> 0.0024449878 | D47: 2 | E47: =D47/D22 -> 0.0025608195 | F47: 5 | G47: =F47/F22 -> 0.0063211125 | H47: 1 | I47: =H47/H22 -> 0.0013495277 | J47: 1 | K47: =J47/J22 -> 0.0013315579 | L47: 11 | M47: =L47/L22 -> 0.014550265
A48: Totale | B48: =SUM(B30:B47) -> 14968 | C48: =B48/B23 -> 0.86315668 | D48: =SUM(D30:D47) -> 14796 | E48: =D48/D23 -> 0.87214854 | F48: =SUM(F30:F47) -> 14338 | G48: =F48/F23 -> 0.86786514 | H48: =SUM(H30:H47) -> 14029 | I48: =H48/H23 -> 0.87028536 | J48: =SUM(J30:J47) -> 13953 | K48: =J48/J23 -> 0.87326324 | L48: =SUM(L30:L47) -> 13867 | M48: =L48/L23 -> 0.87555247
A50: Fonte: Elaborazioni Camera di Commercio Monte Rosa Laghi Alto Piemonte, Servizio Informazione Economica su dati InfoCamere
A51: Nota: le imprese registrate sono le imprese presenti nell’archivio Registro Imprese e non cessate, indipendentemente dallo stato effettivo di attività (attiva, inattiva, sospesa, in liquidazione, fallita). Le imprese attive sono invece le imprese presenti nel Registro che esercitano l’attività e non risultano avere procedure concorsuali in atto.
A52: Nota metodologica: eventuali differenze significative tra i dati 2024 e 2025 potrebbero essere riconducibili, almeno in parte, alla variazione dei codici ATECO intervenuta nel periodo considerato. Tale cambiamento può incidere sulla classificazione delle attività e, di conseguenza, sulla comparabilità diretta tra le due annualità.

Sheet Indicatore 2_Imprese artigiane
A1: Imprese artigiane, incidenza sul totale delle imprese registrate e distribuzione per settore - Provincia di Biella (2020-2025)
B3: 2020 | D3: 2021 | F3: 2022 | I3: 2023 | L3: 2024 | O3: 2025
A4: Settore | B4: v.a. | C4: % sul totale delle imprese registrate | D4: v.a. | E4: % sul totale delle imprese registrate | F4: v.a. | G4: % sul totale delle imprese registrate | H4: var. % rispetto all'annualità precedente | I4: v.a. | J4: % sul totale delle imprese registrate | K4: var. % rispetto all'annualità precedente | L4: v.a. | M4: % sul totale delle imprese registrate | N4: var. % rispetto all'annualità precedente | O4: v.a. | P4: % sul totale delle imprese registrate | Q4: var. % rispetto all'annualità precedente
A5: Agricoltura, silvicoltura e pesca | B5: 39 | C5: 0.026822558 | D5: 42 | E5: =D5/'Indicatore 1_Imprese registrate'!D5 -> 0.02902557 | F5: 40 | G5: =F5/'Indicatore 1_Imprese registrate'!F5 -> 0.028551035 | H5: =(F5-D5)/D5 -> -0.047619048 | I5: 43 | J5: =I5/'Indicatore 1_Imprese registrate'!H5 -> 0.031295488 | K5: =(I5-F5)/F5 -> 0.075 | L5: 46 | M5: =L5/'Indicatore 1_Imprese registrate'!J5 -> 0.033576642 | N5: =(L5-I5)/I5 -> 0.069767442 | O5: 45 | P5: =O5/'Indicatore 1_Imprese registrate'!L5 -> 0.033657442 | Q5: =(O5-L5)/L5 -> -0.02173913
A6: Estrazione di minerali da cave e miniere | B6: 2 | C6: 0.4 | D6: 2 | E6: =D6/'Indicatore 1_Imprese registrate'!D6 -> 0.4 | F6: 2 | G6: =F6/'Indicatore 1_Imprese registrate'!F6 -> 0.4 | H6: =(F6-D6)/D6 -> 0 | I6: 2 | J6: =I6/'Indicatore 1_Imprese registrate'!H6 -> 0.4 | K6: =(I6-F6)/F6 -> 0 | L6: 2 | M6: =L6/'Indicatore 1_Imprese registrate'!J6 -> 0.4 | N6: =(L6-I6)/I6 -> 0 | O6: 2 | P6: =O6/'Indicatore 1_Imprese registrate'!L6 -> 0.4 | Q6: =(O6-L6)/L6 -> 0
A7: Attività manifatturiere | B7: 1142 | C7: 0.55062681 | D7: 1103 | E7: =D7/'Indicatore 1_Imprese registrate'!D7 -> 0.55399297 | F7: 1055 | G7: =F7/'Indicatore 1_Imprese registrate'!F7 -> 0.54719917 | H7: =(F7-D7)/D7 -> -0.043517679 | I7: 1003 | J7: =I7/'Indicatore 1_Imprese registrate'!H7 -> 0.54778809 | K7: =(I7-F7)/F7 -> -0.0492891 | L7: 997 | M7: =L7/'Indicatore 1_Imprese registrate'!J7 -> 0.56011236 | N7: =(L7-I7)/I7 -> -0.0059820538 | O7: 980 | P7: =O7/'Indicatore 1_Imprese registrate'!L7 -> 0.56581986 | Q7: =(O7-L7)/L7 -> -0.017051153
A8: Fornitura di acqua, reti fognarie, attività di gestione | B8: 11 | C8: 0.12359551 | D8: 11 | E8: =D8/'Indicatore 1_Imprese registrate'!D8 -> 0.11827957 | F8: 9 | G8: =F8/'Indicatore 1_Imprese registrate'!F8 -> 0.094736842 | H8: =(F8-D8)/D8 -> -0.18181818 | I8: 10 | J8: =I8/'Indicatore 1_Imprese registrate'!H8 -> 0.11235955 | K8: =(I8-F8)/F8 -> 0.11111111 | L8: 9 | M8: =L8/'Indicatore 1_Imprese registrate'!J8 -> 0.10344828 | N8: =(L8-I8)/I8 -> -0.1 | O8: 9 | P8: =O8/'Indicatore 1_Imprese registrate'!L8 -> 0.1011236 | Q8: =(O8-L8)/L8 -> 0
A9: Costruzioni | B9: 2055 | C9: 0.78196347 | D9: 1991 | E9: =D9/'Indicatore 1_Imprese registrate'!D9 -> 0.78262579 | F9: 1839 | G9: =F9/'Indicatore 1_Imprese registrate'!F9 -> 0.77333894 | H9: =(F9-D9)/D9 -> -0.076343546 | I9: 1806 | J9: =I9/'Indicatore 1_Imprese registrate'!H9 -> 0.77014925 | K9: =(I9-F9)/F9 -> -0.017944535 | L9: 1800 | M9: =L9/'Indicatore 1_Imprese registrate'!J9 -> 0.77021823 | N9: =(L9-I9)/I9 -> -0.0033222591 | O9: 1792 | P9: =O9/'Indicatore 1_Imprese registrate'!L9 -> 0.78734622 | Q9: =(O9-L9)/L9 -> -0.0044444444
A10: Commercio all'ingrosso e al dettaglio | B10: 323 | C10: 0.084843709 | D10: 326 | E10: =D10/'Indicatore 1_Imprese registrate'!D10 -> 0.087681549 | F10: 322 | G10: =F10/'Indicatore 1_Imprese registrate'!F10 -> 0.089345172 | H10: =(F10-D10)/D10 -> -0.012269939 | I10: 311 | J10: =I10/'Indicatore 1_Imprese registrate'!H10 -> 0.089188414 | K10: =(I10-F10)/F10 -> -0.034161491 | L10: 304 | M10: =L10/'Indicatore 1_Imprese registrate'!J10 -> 0.089097304 | N10: =(L10-I10)/I10 -> -0.022508039 | O10: 13 | P10: =O10/'Indicatore 1_Imprese registrate'!L10 -> 0.0043405676 | Q10: =(O10-L10)/L10 -> -0.95723684
A11: Trasporto e magazzinaggio | B11: 117 | C11: 0.53917051 | D11: 113 | E11: =D11/'Indicatore 1_Imprese registrate'!D11 -> 0.55940594 | F11: 113 | G11: =F11/'Indicatore 1_Imprese registrate'!F11 -> 0.56218905 | H11: =(F11-D11)/D11 -> 0 | I11: 113 | J11: =I11/'Indicatore 1_Imprese registrate'!H11 -> 0.56218905 | K11: =(I11-F11)/F11 -> 0 | L11: 109 | M11: =L11/'Indicatore 1_Imprese registrate'!J11 -> 0.55612245 | N11: =(L11-I11)/I11 -> -0.03539823 | O11: 107 | P11: =O11/'Indicatore 1_Imprese registrate'!L11 -> 0.56613757 | Q11: =(O11-L11)/L11 -> -0.018348624
A12: Attività dei servizi di alloggio e di ristorazione | B12: 121 | C12: 0.099506579 | D12: 129 | E12: =D12/'Indicatore 1_Imprese registrate'!D12 -> 0.11053985 | F12: 123 | G12: =F12/'Indicatore 1_Imprese registrate'!F12 -> 0.10913931 | H12: =(F12-D12)/D12 -> -0.046511628 | I12: 118 | J12: =I12/'Indicatore 1_Imprese registrate'!H12 -> 0.10835629 | K12: =(I12-F12)/F12 -> -0.040650407 | L12: 119 | M12: =L12/'Indicatore 1_Imprese registrate'!J12 -> 0.11069767 | N12: =(L12-I12)/I12 -> 0.0084745763 | O12: 120 | P12: =O12/'Indicatore 1_Imprese registrate'!L12 -> 0.11100833 | Q12: =(O12-L12)/L12 -> 0.0084033613
A13: Servizi di informazione e comunicazione | B13: 45 | C13: 0.15151515 | D13: 52 | E13: =D13/'Indicatore 1_Imprese registrate'!D13 -> 0.17275748 | F13: 54 | G13: =F13/'Indicatore 1_Imprese registrate'!F13 -> 0.17821782 | H13: =(F13-D13)/D13 -> 0.038461538 | I13: 51 | J13: =I13/'Indicatore 1_Imprese registrate'!H13 -> 0.17465753 | K13: =(I13-F13)/F13 -> -0.055555556 | L13: 54 | M13: =L13/'Indicatore 1_Imprese registrate'!J13 -> 0.18120805 | N13: =(L13-I13)/I13 -> 0.058823529 | O13: 60 | P13: =O13/'Indicatore 1_Imprese registrate'!L13 -> 0.1980198 | Q13: =(O13-L13)/L13 -> 0.11111111
A14: Attività immobiliari | B14: 2 | C14: 0.0010982976 | D14: 2 | E14: =D14/'Indicatore 1_Imprese registrate'!D15 -> 0.0011198208 | F14: 2 | G14: =F14/'Indicatore 1_Imprese registrate'!F15 -> 0.0011210762 | H14: =(F14-D14)/D14 -> 0 | I14: 2 | J14: =I14/'Indicatore 1_Imprese registrate'!H15 -> 0.0011554015 | K14: =(I14-F14)/F14 -> 0 | L14: 2 | M14: =L14/'Indicatore 1_Imprese registrate'!J14 -> 0.0034013605 | N14: =(L14-I14)/I14 -> 0 | O14: 2 | P14: =O14/'Indicatore 1_Imprese registrate'!L15 -> 0.0011402509 | Q14: =(O14-L14)/L14 -> 0
A15: Attività professionali, scientifiche e tecniche | B15: 93 | C15: 0.16636852 | D15: 92 | E15: =D15/'Indicatore 1_Imprese registrate'!D16 -> 0.16399287 | F15: 84 | G15: =F15/'Indicatore 1_Imprese registrate'!F16 -> 0.15107914 | H15: =(F15-D15)/D15 -> -0.086956522 | I15: 78 | J15: =I15/'Indicatore 1_Imprese registrate'!H16 -> 0.1349481 | K15: =(I15-F15)/F15 -> -0.071428571 | L15: 80 | M15: =L15/'Indicatore 1_Imprese registrate'!J15 -> 0.046457607 | N15: =(L15-I15)/I15 -> 0.025641026 | O15: 77 | P15: =O15/'Indicatore 1_Imprese registrate'!L16 -> 0.13774597 | Q15: =(O15-L15)/L15 -> -0.0375
A16: Noleggio, agenzie di viaggio, servizi di supporto alle imprese | B16: 291 | C16: 0.48178808 | D16: 295 | E16: =D16/'Indicatore 1_Imprese registrate'!D17 -> 0.48922056 | F16: 303 | G16: =F16/'Indicatore 1_Imprese registrate'!F17 -> 0.49672131 | H16: =(F16-D16)/D16 -> 0.027118644 | I16: 292 | J16: =I16/'Indicatore 1_Imprese registrate'!H17 -> 0.48585691 | K16: =(I16-F16)/F16 -> -0.03630363 | L16: 278 | M16: =L16/'Indicatore 1_Imprese registrate'!J16 -> 0.46179402 | N16: =(L16-I16)/I16 -> -0.047945205 | O16: 292 | P16: =O16/'Indicatore 1_Imprese registrate'!L17 -> 0.45482866 | Q16: =(O16-L16)/L16 -> 0.050359712
A17: Istruzione | B17: 8 | C17: 0.095238095 | D17: 8 | E17: =D17/'Indicatore 1_Imprese registrate'!D18 -> 0.093023256 | F17: 8 | G17: =F17/'Indicatore 1_Imprese registrate'!F18 -> 0.093023256 | H17: =(F17-D17)/D17 -> 0 | I17: 8 | J17: =I17/'Indicatore 1_Imprese registrate'!H18 -> 0.088888889 | K17: =(I17-F17)/F17 -> 0 | L17: 8 | M17: =L17/'Indicatore 1_Imprese registrate'!J17 -> 0.01362862 | N17: =(L17-I17)/I17 -> 0 | O17: 8 | P17: =O17/'Indicatore 1_Imprese registrate'!L18 -> 0.08988764 | Q17: =(O17-L17)/L17 -> 0
A18: Sanità e assistenza sociale | B18: 3 | C18: 0.032258065 | D18: 3 | E18: =D18/'Indicatore 1_Imprese registrate'!D19 -> 0.031914894 | F18: 3 | G18: =F18/'Indicatore 1_Imprese registrate'!F19 -> 0.032258065 | H18: =(F18-D18)/D18 -> 0 | I18: 4 | J18: =I18/'Indicatore 1_Imprese registrate'!H19 -> 0.043010753 | K18: =(I18-F18)/F18 -> 0.33333333 | L18: 3 | M18: =L18/'Indicatore 1_Imprese registrate'!J18 -> 0.032967033 | N18: =(L18-I18)/I18 -> -0.25 | O18: 4 | P18: =O18/'Indicatore 1_Imprese registrate'!L19 -> 0.043956044 | Q18: =(O18-L18)/L18 -> 0.33333333
A19: Attività artistiche, sportive, di intrattenimento | B19: 9 | C19: 0.048387097 | D19: 12 | E19: =D19/'Indicatore 1_Imprese registrate'!D20 -> 0.063829787 | F19: 10 | G19: =F19/'Indicatore 1_Imprese registrate'!F20 -> 0.055248619 | H19: =(F19-D19)/D19 -> -0.16666667 | I19: 8 | J19: =I19/'Indicatore 1_Imprese registrate'!H20 -> 0.041237113 | K19: =(I19-F19)/F19 -> -0.2 | L19: 9 | M19: =L19/'Indicatore 1_Imprese registrate'!J19 -> 0.10465116 | N19: =(L19-I19)/I19 -> 0.125 | O19: 10 | P19: =O19/'Indicatore 1_Imprese registrate'!L20 -> 0.047393365 | Q19: =(O19-L19)/L19 -> 0.11111111
A20: Altre attività di servizi | B20: 674 | C20: 0.82800983 | D20: 678 | E20: =D20/'Indicatore 1_Imprese registrate'!D21 -> 0.83292383 | F20: 669 | G20: =F20/'Indicatore 1_Imprese registrate'!F21 -> 0.83312578 | H20: =(F20-D20)/D20 -> -0.013274336 | I20: 660 | J20: =I20/'Indicatore 1_Imprese registrate'!H21 -> 0.82914573 | K20: =(I20-F20)/F20 -> -0.013452915 | L20: 651 | M20: =L20/'Indicatore 1_Imprese registrate'!J21 -> 0.82824427 | N20: =(L20-I20)/I20 -> -0.013636364 | O20: 926 | P20: =O20/'Indicatore 1_Imprese registrate'!L21 -> 0.8297491 | Q20: =(O20-L20)/L20 -> 0.42242704
A21: Imprese non classificate | B21: 2 | C21: 0.0024449878 | D21: 3 | E21: =D21/'Indicatore 1_Imprese registrate'!D22 -> 0.0038412292 | F21: 2 | G21: =F21/'Indicatore 1_Imprese registrate'!F22 -> 0.002528445 | H21: =(F21-D21)/D21 -> -0.33333333 | I21: 1 | J21: =I21/'Indicatore 1_Imprese registrate'!H22 -> 0.0013495277 | K21: =(I21-F21)/F21 -> -0.5 | L21: 1 | M21: =L21/'Indicatore 1_Imprese registrate'!J21 -> 0.0012722646 | N21: =(L21-I21)/I21 -> 0 | O21: 4 | P21: =O21/'Indicatore 1_Imprese registrate'!L22 -> 0.0052910053 | Q21: =(O21-L21)/L21 -> 3
A22: Totale | B22: =SUM(B5:B21) -> 4937 | C22: 0.284701 | D22: 4862 | E22: =D22/'Indicatore 1_Imprese registrate'!D23 -> 0.28659004 | F22: =SUM(F5:F21) -> 4638 | G22: =F22/'Indicatore 1_Imprese registrate'!F23 -> 0.28073361 | H22: =(F22-D22)/D22 -> -0.046071575 | I22: 4510 | J22: =I22/'Indicatore 1_Imprese registrate'!H23 -> 0.27977667 | K22: =(I22-F22)/F22 -> -0.027598103 | L22: =SUM(L5:L21) -> 4472 | M22: =L22/'Indicatore 1_Imprese registrate'!J23 -> 0.27988484 | N22: =(L22-I22)/I22 -> -0.0084257206 | O22: 4451 | P22: =O22/'Indicatore 1_Imprese registrate'!L23 -> 0.28103296 | Q22: =(O22-L22)/L22 -> -0.0046958855
A23: Fonte: Elaborazioni Camera di Commercio Monte Rosa Laghi Alto Piemonte
A24: Nota metodologica: eventuali differenze significative tra i dati 2024 e 2025 potrebbero essere riconducibili, almeno in parte, alla variazione dei codici ATECO intervenuta nel periodo considerato. Tale cambiamento può incidere sulla classificazione delle attività e, di conseguenza, sulla comparabilità diretta tra le due annualità.
A27: Imprese artigiane per settore - Provincia di Biella (2020-2024)
B28: 2020 | D28: 2021 | F28: 2022 | H28: 2023 | J28: 2024 | L28: 2025
A29: Settore | B29: v.a. | C29: % sul totale delle artigiane | D29: v.a. | E29: % sul totale delle artigiane | F29: v.a. | G29: % sul totale delle artigiane | H29: v.a. | I29: % sul totale delle artigiane | J29: v.a. | K29: % sul totale delle artigiane | L29: v.a. | M29: % sul totale delle artigiane
A30: Agricoltura, silvicoltura pesca | B30: 39 | C30: =B30/$B$47 -> 0.0078995341 | D30: 42 | E30: =D30/$D$47 -> 0.0086384204 | F30: 40 | G30: =F30/$F$47 -> 0.0086244071 | H30: 43 | I30: =H30/$H$47 -> 0.0095343681 | J30: 46 | K30: =J30/$J$47 -> 0.010286225 | L30: 45 | M30: =L30/$L$47 -> 0.010110088
A31: Estrazione di minerali da cave e miniere | B31: 2 | C31: =B31/$B$47 -> 0.00040510431 | D31: 2 | E31: =D31/$D$47 -> 0.00041135335 | F31: 2 | G31: =F31/$F$47 -> 0.00043122035 | H31: 2 | I31: =H31/$H$47 -> 0.00044345898 | J31: 2 | K31: =J31/$J$47 -> 0.00044722719 | L31: 2 | M31: =L31/$L$47 -> 0.00044933723
A32: Attività manifatturiere | B32: 1142 | C32: =B32/$B$47 -> 0.23131456 | D32: 1103 | E32: =D32/$D$47 -> 0.22686137 | F32: 1055 | G32: =F32/$F$47 -> 0.22746874 | H32: 1003 | I32: =H32/$H$47 -> 0.22239468 | J32: 997 | K32: =J32/$J$47 -> 0.22294275 | L32: 980 | M32: =L32/$L$47 -> 0.22017524
A33: Fornitura di acqua, reti fognarie, attività di gestione | B33: 11 | C33: =B33/$B$47 -> 0.0022280737 | D33: 11 | E33: =D33/$D$47 -> 0.0022624434 | F33: 9 | G33: =F33/$F$47 -> 0.0019404916 | H33: 10 | I33: =H33/$H$47 -> 0.0022172949 | J33: 9 | K33: =J33/$J$47 -> 0.0020125224 | L33: 9 | M33: =L33/$L$47 -> 0.0020220175
A34: Costruzioni | B34: 2055 | C34: =B34/$B$47 -> 0.41624468 | D34: 1991 | E34: =D34/$D$47 -> 0.40950226 | F34: 1839 | G34: =F34/$F$47 -> 0.39650712 | H34: 1806 | I34: =H34/$H$47 -> 0.40044346 | J34: 1800 | K34: =J34/$J$47 -> 0.40250447 | L34: 1792 | M34: =L34/$L$47 -> 0.40260616
A35: Commercio all'ingrosso e al dettaglio | B35: 323 | C35: =B35/$B$47 -> 0.065424347 | D35: 326 | E35: =D35/$D$47 -> 0.067050596 | F35: 322 | G35: =F35/$F$47 -> 0.069426477 | H35: 311 | I35: =H35/$H$47 -> 0.068957871 | J35: 304 | K35: =J35/$J$47 -> 0.067978533 | L35: 13 | M35: =L35/$L$47 -> 0.002920692
A36: Trasporto e magazzinaggio | B36: 117 | C36: =B36/$B$47 -> 0.023698602 | D36: 113 | E36: =D36/$D$47 -> 0.023241464 | F36: 113 | G36: =F36/$F$47 -> 0.02436395 | H36: 113 | I36: =H36/$H$47 -> 0.025055432 | J36: 109 | K36: =J36/$J$47 -> 0.024373882 | L36: 107 | M36: =L36/$L$47 -> 0.024039542
A37: Attività dei servizi di alloggio e di ristorazione | B37: 121 | C37: =B37/$B$47 -> 0.024508811 | D37: 129 | E37: =D37/$D$47 -> 0.026532291 | F37: 123 | G37: =F37/$F$47 -> 0.026520052 | H37: 118 | I37: =H37/$H$47 -> 0.02616408 | J37: 119 | K37: =J37/$J$47 -> 0.026610018 | L37: 120 | M37: =L37/$L$47 -> 0.026960234
A38: Servizi di informazione e comunicazione | B38: 45 | C38: =B38/$B$47 -> 0.0091148471 | D38: 52 | E38: =D38/$D$47 -> 0.010695187 | F38: 54 | G38: =F38/$F$47 -> 0.01164295 | H38: 51 | I38: =H38/$H$47 -> 0.011308204 | J38: 54 | K38: =J38/$J$47 -> 0.012075134 | L38: 60 | M38: =L38/$L$47 -> 0.013480117
A39: Attività immobiliari | B39: 2 | C39: =B39/$B$47 -> 0.00040510431 | D39: 2 | E39: =D39/$D$47 -> 0.00041135335 | F39: 2 | G39: =F39/$F$47 -> 0.00043122035 | H39: 2 | I39: =H39/$H$47 -> 0.00044345898 | J39: 2 | K39: =J39/$J$47 -> 0.00044722719 | L39: 2 | M39: =L39/$L$47 -> 0.00044933723
A40: Attività professionali, scientifiche e tecniche | B40: 93 | C40: =B40/$B$47 -> 0.018837351 | D40: 92 | E40: =D40/$D$47 -> 0.018922254 | F40: 84 | G40: =F40/$F$47 -> 0.018111255 | H40: 78 | I40: =H40/$H$47 -> 0.0172949 | J40: 80 | K40: =J40/$J$47 -> 0.017889088 | L40: 77 | M40: =L40/$L$47 -> 0.017299483
A41: Noleggio, agenzie di viaggio, servizi di supporto alle imprese | B41: 291 | C41: =B41/$B$47 -> 0.058942678 | D41: 295 | E41: =D41/$D$47 -> 0.060674619 | F41: 303 | G41: =F41/$F$47 -> 0.065329884 | H41: 292 | I41: =H41/$H$47 -> 0.064745011 | J41: 278 | K41: =J41/$J$47 -> 0.06216458 | L41: 292 | M41: =L41/$L$47 -> 0.065603235
... A46: Imprese non classificate | B46: 2 | C46: =B46/$B$47 -> 0.00040510431 | D46: 3 | E46: =D46/$D$47 -> 0.00061703003 | F46: 2 | G46: =F46/$F$47 -> 0.00043122035 | H46: 1 | I46: =H46/$H$47 -> 0.00022172949 | J46: 1 | K46: =J46/$J$47 -> 0.0002236136 | L46: 4 | M46: =L46/$L$47 -> 0.00089867446
A47: Totale | B47: =SUM(B30:B46) -> 4937 | C47: =B47/$B$47 -> 1 | D47: 4862 | E47: =D47/$D$47 -> 1 | F47: =SUM(F30:F46) -> 4638 | G47: =F47/$F$47 -> 1 | H47: 4510 | I47: =H47/$H$47 -> 1 | J47: =SUM(J30:J46) -> 4472 | K47: =J47/$J$47 -> 1 | L47: 4451 | M47: =L47/$L$47 -> 1
A48: Fonte: Elaborazioni Camera di Commercio Monte Rosa Laghi Alto Piemonte
A49: Nota metodologica: eventuali differenze significative tra i dati 2024 e 2025 potrebbero essere riconducibili, almeno in parte, alla variazione dei codici ATECO intervenuta nel periodo considerato. Tale cambiamento può incidere sulla classificazione delle attività e, di conseguenza, sulla comparabilità diretta tra le due annualità.

Sheet Indicatore 3_CIG
A1: Ore autorizzate di Cassa Integrazione Guadagni - Italia, Piemonte e Provincia di Biella (2021-2025)
B3: Italia | L3: Biella | V3: Piemonte
B4: 2021 | D4: 2022 | F4: 2023 | H4: 2024 | J4: 2025 | L4: 2021 | N4: 2022 | P4: 2023 | R4: 2024 | T4: 2025 | V4: 2021 | X4: 2022 | Z4: 2023 | AB4: 2024 | AD4: 2025
B5: v.a. | C5: % | D5: v.a. | E5: % | F5: v.a. | G5: % | H5: v.a. | I5: % | J5: v.a. | K5: % | L5: v.a. | M5: % | N5: v.a. | O5: % | P5: v.a. | Q5: % | R5: v.a. | S5: % | T5: v.a. | U5: % | V5: v.a. | W5: % | X5: v.a. | Y5: % | Z5: v.a. | AA5: % | AB5: v.a. | AC5: % | AD5: v.a. | AE5: %
A6: Ordinaria | B6: 3213324 | C6: =B6/$B$9 -> 0.74891991 | D6: 1606640 | E6: =D6/$D$9 -> 0.58342378 | F6: 229557186 | G6: =F6/$F$9 -> 0.57226277 | H6: 328124656 | I6: =H6/$H$9 -> 0.65877298 | J6: 284946268 | K6: =J6/$J$9 -> 0.52397391 | L6: 41938952 | M6: =L6/$L$9 -> 0.53859008 | N6: 26190983 | O6: =N6/$N$9 -> 0.62231609 | P6: 1710678 | Q6: =P6/$P$9 -> 0.61397896 | R6: 4659406 | S6: =R6/$R$9 -> 0.94056221 | T6: 3108912 | U6: =T6/$T$9 -> 0.74708212 | V6: 447643761 | W6: =V6/$V$9 -> 0.50332087 | X6: 237935223 | Y6: =X6/$X$9 -> 0.50797541 | Z6: 20483744 | AA6: =Z6/$Z$9 -> 0.66016942 | AB6: 35726880 | AC6: =AB6/$AB$9 -> 0.6974626 | AD6: 35758704 | AE6: =AD6/$AD$9 -> 0.58296048
A7: Straordinaria | B7: 101042 | C7: =B7/$B$9 -> 0.02354956 | D7: 1113038 | E7: =D7/$D$9 -> 0.40418068 | F7: 169915996 | G7: =F7/$F$9 -> 0.42358333 | H7: 167743449 | I7: =H7/$H$9 -> 0.33677704 | J7: 249425183 | K7: =J7/$J$9 -> 0.4586559 | L7: 4516965 | M7: =L7/$L$9 -> 0.058007948 | N7: 14047292 | O7: =N7/$N$9 -> 0.33377349 | P7: 1075538 | Q7: =P7/$P$9 -> 0.38602104 | R7: 294446 | S7: =R7/$R$9 -> 0.059437787 | T7: 1052494 | U7: =T7/$T$9 -> 0.25291788 | V7: 71158019 | W7: =V7/$V$9 -> 0.080008523 | X7: 202280193 | Y7: =X7/$X$9 -> 0.43185437 | Z7: 10311007 | AA7: =Z7/$Z$9 -> 0.33231286 | AB7: 15464550 | AC7: =AB7/$AB$9 -> 0.3019 | AD7: 25580690 | AE7: =AD7/$AD$9 -> 0.41703221
A8: Deroga | B8: 976245 | C8: =B8/$B$9 -> 0.22753053 | D8: 34135 | E8: =D8/$D$9 -> 0.01239554 | F8: 1666292 | G8: =F8/$F$9 -> 0.0041538969 | H8: 2216464 | I8: =H8/$H$9 -> 0.0044499752 | J8: 446214 | K8: =J8/$J$9 -> 0.00082052134 | L8: 31412119 | M8: =L8/$L$9 -> 0.40340197 | N8: 1848027 | O8: =N8/$N$9 -> 0.043910415 | P8: 0 | Q8: =P8/$P$9 -> 0 | R8: 0 | S8: =R8/$R$9 -> 0 | T8: 0 | U8: =T8/$T$9 -> 0 | V8: 370578709 | W8: =V8/$V$9 -> 0.41667061 | X8: 28183676 | Y8: =X8/$X$9 -> 0.060170219 | Z8: 233260 | AA8: =Z8/$Z$9 -> 0.0075177233 | AB8: 32650 | AC8: =AB8/$AB$9 -> 0.00063739554 | AD8: 448 | AE8: =AD8/$AD$9 -> 7.3035728e-06
A9: Totale | B9: =SUM(B6:B8) -> 4290611 | C9: =B9/$B$9 -> 1 | D9: =SUM(D6:D8) -> 2753813 | E9: =D9/D9 -> 1 | F9: =SUM(F6:F8) -> 401139474 | G9: =F9/$F$9 -> 1 | H9: 498084569 | I9: =H9/$H$9 -> 1 | J9: 543817665 | K9: =J9/$J$9 -> 1 | L9: =SUM(L6:L8) -> 77868036 | M9: =L9/$L$9 -> 1 | N9: =SUM(N6:N8) -> 42086302 | O9: =N9/$N$9 -> 1 | P9: =SUM(P6:P8) -> 2786216 | Q9: =P9/$P$9 -> 1 | R9: 4953852 | S9: =R9/$R$9 -> 1 | T9: 4161406 | U9: =T9/$T$9 -> 1 | V9: =SUM(V6:V8) -> 889380489 | W9: =V9/$V$9 -> 1 | X9: =SUM(X6:X8) -> 468399092 | Y9: =X9/$X$9 -> 1 | Z9: =SUM(Z6:Z8) -> 31028011 | AA9: =Z9/$Z$9 -> 1 | AB9: 51224080 | AC9: =AB9/$AB$9 -> 1 | AD9: 61339842 | AE9: =AD9/$AD$9 -> 1
A10: Fonte: elaborazione su dati INPS
A12: Ore autorizzate di Cassa Integrazione Guadagni - Italia, Piemonte e Provincia di Biella (2021-2025)
B14: 2021 | F14: 2022 | J14: 2023 | N14: 2024 | R14: 2025
B15: v.a. Italia | C15: % Biella su totale Piemonte | D15: % Piemonte su totale Italia | E15: % Biella su totale italiano | F15: v.a. Italia | G15: % Biella su totale Piemonte | H15: % Piemonte su totale Italia | I15: % Biella su totale italiano) | J15: v.a. Italia | K15: % Biella su totale Piemonte | L15: % Piemonte su totale Italia | M15: % Biella su totale italiano) | N15: v.a. Italia | O15: % Biella su totale Piemonte | P15: % Piemonte su totale Italia | Q15: % Biella su totale italiano) | R15: v.a. Italia | S15: % Biella su totale Piemonte | T15: % Piemonte su totale Italia | U15: % Biella su totale italiano)
A16: Ordinaria | B16: 3213324 | C16: =B16/L6 -> 0.076619082 | D16: =L6/V6 -> 0.093688231 | E16: =B16/V6 -> 0.0071783062 | F16: 1606640 | G16: =F16/L6 -> 0.038309016 | H16: =L6/X6 -> 0.17626206 | I16: =F16/X6 -> 0.0067524261 | J16: 229557186 | K16: =P6/$Z$9 -> 0.055133344 | L16: =Z6/$F$9 -> 0.051063895 | M16: =P6/$F$9 -> 0.0042645466 | N16: 328124656 | O16: =R6/$AB$9 -> 0.090961243 | P16: =AB6/$H$9 -> 0.071728542 | Q16: =R6/$H$9 -> 0.0093546484 | R16: 284946268 | S16: =T6/$AD$9 -> 0.050683404 | T16: =AD6/$J$9 -> 0.065754951 | U16: =T6/$J$9 -> 0.0057168279
A17: Straordinaria | B17: 101042 | C17: =B17/L7 -> 0.022369445 | D17: =L7/V7 -> 0.063477948 | E17: =B17/V7 -> 0.0014199665 | F17: 1113038 | G17: =F17/L7 -> 0.2464128 | H17: =L7/X7 -> 0.022330239 | I17: - | J17: 169915996 | K17: =P7/$Z$9 -> 0.034663453 | L17: =Z7/$F$9 -> 0.025704294 | M17: =P7/$F$9 -> 0.0026812071 | N17: 167743449 | O17: =R7/$AB$9 -> 0.005748195 | P17: =AB7/$H$9 -> 0.031048041 | Q17: =R7/$H$9 -> 0.00059115664 | R17: 249425183 | S17: =T7/$AD$9 -> 0.017158407 | T17: =AD7/$J$9 -> 0.047039094 | U17: =T7/$J$9 -> 0.0019353803
A18: Deroga | B18: 976245 | C18: =B18/L8 -> 0.03107861 | D18: =L8/V8 -> 0.08476504 | E18: =B18/V8 -> 0.0026343796 | F18: 34135 | G18: =F18/L8 -> 0.0010866825 | H18: =L8/X8 -> 1.1145501 | I18: =F18/X8 -> 0.0012111621 | J18: 1666292 | K18: =P8/$Z$9 -> 0 | L18: =Z8/$F$9 -> 0.00058149351 | M18: =P8/$F$9 -> 0 | N18: 2216464 | O18: =R8/$AB$9 -> 0 | P18: =AB8/$H$9 -> 6.5551117e-05 | Q18: =R8/$H$9 -> 0 | R18: 446214 | S18: =T8/$AD$9 -> 0 | T18: =AD8/$J$9 -> 8.2380553e-07 | U18: =T8/$J$9 -> 0
A19: Totale | B19: =SUM(B16:B18) -> 4290611 | C19: =B19/L9 -> 0.055101056 | D19: =L9/V9 -> 0.087553119 | E19: =B19/V9 -> 0.0048242693 | F19: =SUM(F16:F18) -> 2753813 | G19: =F19/L9 -> 0.035365127 | H19: =L9/X9 -> 0.16624293 | I19: =F19/X9 -> 0.0058792023 | J19: =SUM(J16:J18) -> 401139474 | K19: =P9/$Z$9 -> 0.089796797 | L19: =Z9/$F$9 -> 0.077349683 | M19: =P9/$F$9 -> 0.0069457537 | N19: 498084569 | O19: =R9/$AB$9 -> 0.096709438 | P19: =AB9/$H$9 -> 0.10284213 | Q19: =R9/$H$9 -> 0.009945805 | R19: 543817665 | S19: =T9/$AD$9 -> 0.067841812 | T19: =AD9/$J$9 -> 0.11279487 | U19: =T9/$J$9 -> 0.0076522082
A20: Fonte: elaborazione su dati INPS
A21: Note: La cassa integrazione guadagni ordinaria è una misura di sostegno al reddito rivolta ai lavoratori dipendenti dell'industria, in caso di transitorie sospensioni o riduzioni delle attività produttive non imputabili al datore di lavoro o al lavoratore; ha una durata massima di 13 settimane prorogabili fino a un massimo di 12 mesi e un importo pari all'80% della retribuzione. La cassa integrazione guadagni a gestione straordinaria è rivolta ai lavoratori delle imprese industriali con più di 15 dipendenti in occasione di processi di ristrutturazione, riorganizzazione o riconversione produttiva; ha un importo pari all'80% della retribuzione e una durata massima di 3 mesi con possibilità di richiedere proroghe (senza limitazione). La cassa integrazione in deroga è un intervento di integrazione salariale a sostegno di imprese che non possono ricorrere agli strumenti ordinari perché esclusi all'origine da questa tutela o perché hanno già esaurito il periodo di fruizione delle tutele ordinarie. Il 2020 è un anno atipico per le conseguenze determinate dalla pandemia sul lavoro, sulla produzione e sul commercio: le rilevanti differenze riportate nel grafico vanno interpretate di conseguenza.

Sheet Indicatore 4_Imprese giovanili
A1: Imprese giovanili registrate, incidenza sul totale delle imprese registrate e distribuzione per settore - Provincia di Biella (2020-2025)
B3: 2020 | D3: 2021 | F3: 2022 | I3: 2023 | L3: 2024 | O3: 2025
A4: Settore | B4: v.a. | C4: % sul totale delle imprese registrate | D4: v.a. | E4: % sul totale delle imprese registrate | F4: v.a. | G4: % sul totale delle imprese registrate | H4: var. % rispetto all'annualità precedente | I4: v.a. | J4: % sul totale delle imprese registrate | K4: var. % rispetto all'annualità precedente | L4: v.a. | M4: % sul totale delle imprese registrate | N4: var. % rispetto all'annualità precedente | O4: v.a. | P4: % sul totale delle imprese registrate | Q4: var. % rispetto all'annualità precedente
A5: Agricoltura, silvicoltura pesca | B5: 145 | C5: 0.099724897 | D5: 133 | E5: =D5/'Indicatore 1_Imprese registrate'!D5 -> 0.091914305 | F5: 132 | G5: =F5/'Indicatore 1_Imprese registrate'!F5 -> 0.094218415 | H5: =(F5-D5)/D5 -> -0.007518797 | I5: 130 | J5: =I5/'Indicatore 1_Imprese registrate'!H5 -> 0.094614265 | K5: =(I5-F5)/F5 -> -0.015151515 | L5: 141 | M5: =L5/'Indicatore 1_Imprese registrate'!J5 -> 0.10291971 | N5: =(L5-I5)/I5 -> 0.084615385 | O5: 138 | P5: =O5/'Indicatore 1_Imprese registrate'!L5 -> 0.10321616 | Q5: =(O5-L5)/L5 -> -0.021276596
A6: Attività manifatturiere | B6: 66 | C6: 0.031822565 | D6: 69 | E6: =D6/'Indicatore 1_Imprese registrate'!D7 -> 0.034655952 | F6: 65 | G6: =F6/'Indicatore 1_Imprese registrate'!F7 -> 0.033713693 | H6: =(F6-D6)/D6 -> -0.057971014 | I6: 63 | J6: =I6/'Indicatore 1_Imprese registrate'!H7 -> 0.034407428 | K6: =(I6-F6)/F6 -> -0.030769231 | L6: 68 | M6: =L6/'Indicatore 1_Imprese registrate'!J7 -> 0.038202247 | N6: =(L6-I6)/I6 -> 0.079365079 | O6: 66 | P6: =O6/'Indicatore 1_Imprese registrate'!L7 -> 0.038106236 | Q6: =(O6-L6)/L6 -> -0.029411765
A7: Fornitura di servizi elettrici, gas, acqua, etc. | B7: 3 | C7: 0.033707865 | D7: 3 | E7: =D7/'Indicatore 1_Imprese registrate'!D8 -> 0.032258065 | F7: 4 | G7: =F7/'Indicatore 1_Imprese registrate'!F8 -> 0.042105263 | H7: =(F7-D7)/D7 -> 0.33333333 | I7: 4 | J7: =I7/'Indicatore 1_Imprese registrate'!H8 -> 0.04494382 | K7: =(I7-F7)/F7 -> 0 | L7: 4 | M7: =L7/'Indicatore 1_Imprese registrate'!J8 -> 0.045977011 | N7: =(L7-I7)/I7 -> 0 | O7: 6 | P7: =O7/'Indicatore 1_Imprese registrate'!L8 -> 0.06741573 | Q7: =(O7-L7)/L7 -> 0.5
A8: Costruzioni | B8: 143 | C8: 0.054414003 | D8: 135 | E8: =D8/'Indicatore 1_Imprese registrate'!D9 -> 0.053066038 | F8: 134 | G8: =F8/'Indicatore 1_Imprese registrate'!F9 -> 0.056349874 | H8: =(F8-D8)/D8 -> -0.0074074074 | I8: 140 | J8: =I8/'Indicatore 1_Imprese registrate'!H9 -> 0.059701493 | K8: =(I8-F8)/F8 -> 0.044776119 | L8: 148 | M8: =L8/'Indicatore 1_Imprese registrate'!J9 -> 0.063329054 | N8: =(L8-I8)/I8 -> 0.057142857 | O8: 140 | P8: =O8/'Indicatore 1_Imprese registrate'!L9 -> 0.061511424 | Q8: =(O8-L8)/L8 -> -0.054054054
A9: Commercio all'ingrosso e al dettaglio | B9: 251 | C9: 0.065931179 | D9: 260 | E9: =D9/'Indicatore 1_Imprese registrate'!D10 -> 0.06993007 | F9: 268 | G9: =F9/'Indicatore 1_Imprese registrate'!F10 -> 0.07436182 | H9: =(F9-D9)/D9 -> 0.030769231 | I9: 241 | J9: =I9/('Indicatore 1_Imprese registrate'!H10) -> 0.069113851 | K9: =(I9-F9)/F9 -> -0.10074627 | L9: 222 | M9: =L9/'Indicatore 1_Imprese registrate'!J10 -> 0.065064478 | N9: =(L9-I9)/I9 -> -0.078838174 | O9: 194 | P9: =O9/'Indicatore 1_Imprese registrate'!L10 -> 0.064774624 | Q9: =(O9-L9)/L9 -> -0.12612613
A10: Trasporto e magazzinaggio | B10: 8 | C10: 0.036866359 | D10: 6 | E10: =D10/'Indicatore 1_Imprese registrate'!D11 -> 0.02970297 | F10: 7 | G10: =F10/'Indicatore 1_Imprese registrate'!F11 -> 0.034825871 | H10: =(F10-D10)/D10 -> 0.16666667 | I10: 7 | J10: =I10/('Indicatore 1_Imprese registrate'!H11) -> 0.034825871 | K10: =(I10-F10)/F10 -> 0 | L10: 7 | M10: =L10/'Indicatore 1_Imprese registrate'!J11 -> 0.035714286 | N10: =(L10-I10)/I10 -> 0 | O10: 7 | P10: =O10/'Indicatore 1_Imprese registrate'!L11 -> 0.037037037 | Q10: =(O10-L10)/L10 -> 0
A11: Attività dei servizi di alloggio e di ristorazione | B11: 129 | C11: 0.10608553 | D11: 126 | E11: =D11/'Indicatore 1_Imprese registrate'!D12 -> 0.10796915 | F11: 123 | G11: =F11/'Indicatore 1_Imprese registrate'!F12 -> 0.10913931 | H11: =(F11-D11)/D11 -> -0.023809524 | I11: 118 | J11: =I11/('Indicatore 1_Imprese registrate'!H12) -> 0.10835629 | K11: =(I11-F11)/F11 -> -0.040650407 | L11: 120 | M11: =L11/'Indicatore 1_Imprese registrate'!J12 -> 0.11162791 | N11: =(L11-I11)/I11 -> 0.016949153 | O11: 117 | P11: =O11/'Indicatore 1_Imprese registrate'!L12 -> 0.10823312 | Q11: =(O11-L11)/L11 -> -0.025
A12: Servizi di informazione e comunicazione | B12: 26 | C12: 0.087542088 | D12: 28 | E12: =D12/'Indicatore 1_Imprese registrate'!D13 -> 0.093023256 | F12: 27 | G12: =F12/'Indicatore 1_Imprese registrate'!F13 -> 0.089108911 | H12: =(F12-D12)/D12 -> -0.035714286 | I12: 28 | J12: =I12/('Indicatore 1_Imprese registrate'!H13) -> 0.095890411 | K12: =(I12-F12)/F12 -> 0.037037037 | L12: 35 | M12: =L12/'Indicatore 1_Imprese registrate'!J13 -> 0.11744966 | N12: =(L12-I12)/I12 -> 0.25 | O12: 40 | P12: =O12/'Indicatore 1_Imprese registrate'!L13 -> 0.1320132 | Q12: =(O12-L12)/L12 -> 0.14285714
A13: Attività finanziarie e assicurative | B13: 58 | C13: 0.10086957 | D13: 55 | E13: =D13/'Indicatore 1_Imprese registrate'!D14 -> 0.094178082 | F13: 49 | G13: =F13/'Indicatore 1_Imprese registrate'!F14 -> 0.085217391 | H13: =(F13-D13)/D13 -> -0.10909091 | I13: 55 | J13: =I13/('Indicatore 1_Imprese registrate'!H14) -> 0.094339623 | K13: =(I13-F13)/F13 -> 0.12244898 | L13: 61 | M13: =L13/'Indicatore 1_Imprese registrate'!J14 -> 0.1037415 | N13: =(L13-I13)/I13 -> 0.10909091 | O13: 67 | P13: =O13/'Indicatore 1_Imprese registrate'!L14 -> 0.10929853 | Q13: =(O13-L13)/L13 -> 0.098360656
A14: Attività immobiliari | B14: 44 | C14: 0.024162548 | D14: 40 | E14: =D14/'Indicatore 1_Imprese registrate'!D15 -> 0.022396417 | F14: 46 | G14: =F14/'Indicatore 1_Imprese registrate'!F15 -> 0.025784753 | H14: =(F14-D14)/D14 -> 0.15 | I14: 40 | J14: =I14/('Indicatore 1_Imprese registrate'!H15) -> 0.02310803 | K14: =(I14-F14)/F14 -> -0.13043478 | L14: 42 | M14: =L14/'Indicatore 1_Imprese registrate'!J15 -> 0.024390244 | N14: =(L14-I14)/I14 -> 0.05 | O14: 40 | P14: =O14/'Indicatore 1_Imprese registrate'!L15 -> 0.022805017 | Q14: =(O14-L14)/L14 -> -0.047619048
A15: Attività professionali, scientifiche e tecniche | B15: 32 | C15: 0.057245081 | D15: 43 | E15: =D15/'Indicatore 1_Imprese registrate'!D16 -> 0.076648841 | F15: 40 | G15: =F15/'Indicatore 1_Imprese registrate'!F16 -> 0.071942446 | H15: =(F15-D15)/D15 -> -0.069767442 | I15: 45 | J15: =I15/('Indicatore 1_Imprese registrate'!H16) -> 0.077854671 | K15: =(I15-F15)/F15 -> 0.125 | L15: 54 | M15: =L15/'Indicatore 1_Imprese registrate'!J16 -> 0.089700997 | N15: =(L15-I15)/I15 -> 0.2 | O15: 55 | P15: =O15/'Indicatore 1_Imprese registrate'!L16 -> 0.098389982 | Q15: =(O15-L15)/L15 -> 0.018518519
A16: Noleggio, agenzie di viaggio, servizi di supporto alle imprese | B16: 105 | C16: 0.17384106 | D16: 104 | E16: =D16/'Indicatore 1_Imprese registrate'!D17 -> 0.17247098 | F16: 112 | G16: =F16/'Indicatore 1_Imprese registrate'!F17 -> 0.18360656 | H16: =(F16-D16)/D16 -> 0.076923077 | I16: 97 | J16: =I16/('Indicatore 1_Imprese registrate'!H17) -> 0.16139767 | K16: =(I16-F16)/F16 -> -0.13392857 | L16: 95 | M16: =L16/'Indicatore 1_Imprese registrate'!J17 -> 0.16183986 | N16: =(L16-I16)/I16 -> -0.020618557 | O16: 114 | P16: =O16/'Indicatore 1_Imprese registrate'!L17 -> 0.17757009 | Q16: =(O16-L16)/L16 -> 0.2
A17: Istruzione | B17: 1 | C17: 0.011904762 | D17: 2 | E17: =D17/'Indicatore 1_Imprese registrate'!D18 -> 0.023255814 | F17: 3 | G17: =F17/'Indicatore 1_Imprese registrate'!F18 -> 0.034883721 | H17: =(F17-D17)/D17 -> 0.5 | I17: 3 | J17: =I17/('Indicatore 1_Imprese registrate'!H18) -> 0.033333333 | K17: =(I17-F17)/F17 -> 0 | L17: 3 | M17: =L17/'Indicatore 1_Imprese registrate'!J18 -> 0.032967033 | N17: =(L17-I17)/I17 -> 0 | O17: 1 | P17: =O17/'Indicatore 1_Imprese registrate'!L18 -> 0.011235955 | Q17: =(O17-L17)/L17 -> -0.66666667
A18: Sanità e assistenza sociale | B18: 1 | C18: 0.010752688 | D18: 1 | E18: =D18/'Indicatore 1_Imprese registrate'!D19 -> 0.010638298 | F18: 2 | G18: =F18/'Indicatore 1_Imprese registrate'!F19 -> 0.021505376 | H18: =(F18-D18)/D18 -> 1 | I18: 3 | J18: =I18/('Indicatore 1_Imprese registrate'!H19) -> 0.032258065 | K18: =(I18-F18)/F18 -> 0.5 | L18: 2 | M18: =L18/'Indicatore 1_Imprese registrate'!J19 -> 0.023255814 | N18: =(L18-I18)/I18 -> -0.33333333 | O18: 2 | P18: =O18/'Indicatore 1_Imprese registrate'!L19 -> 0.021978022 | Q18: =(O18-L18)/L18 -> 0
A19: Attività artistiche, sportive, di intrattenimento e divertimento | B19: 16 | C19: 0.086021505 | D19: 16 | E19: =D19/'Indicatore 1_Imprese registrate'!D20 -> 0.085106383 | F19: 11 | G19: =F19/'Indicatore 1_Imprese registrate'!F20 -> 0.060773481 | H19: =(F19-D19)/D19 -> -0.3125 | I19: 14 | J19: =I19/('Indicatore 1_Imprese registrate'!H20) -> 0.072164948 | K19: =(I19-F19)/F19 -> 0.27272727 | L19: 14 | M19: =L19/'Indicatore 1_Imprese registrate'!J20 -> 0.068292683 | N19: =(L19-I19)/I19 -> 0 | O19: 13 | P19: =O19/'Indicatore 1_Imprese registrate'!L20 -> 0.061611374 | Q19: =(O19-L19)/L19 -> -0.071428571
A20: Altre attività di servizi | B20: 84 | C20: 0.1031941 | D20: 89 | E20: =D20/'Indicatore 1_Imprese registrate'!D21 -> 0.10933661 | F20: 87 | G20: =F20/'Indicatore 1_Imprese registrate'!F21 -> 0.10834371 | H20: =(F20-D20)/D20 -> -0.02247191 | I20: 88 | J20: =I20/('Indicatore 1_Imprese registrate'!H21) -> 0.11055276 | K20: =(I20-F20)/F20 -> 0.011494253 | L20: 83 | M20: =L20/'Indicatore 1_Imprese registrate'!J21 -> 0.10559796 | N20: =(L20-I20)/I20 -> -0.056818182 | O20: 111 | P20: =O20/'Indicatore 1_Imprese registrate'!L21 -> 0.099462366 | Q20: =(O20-L20)/L20 -> 0.3373494
A21: Imprese non classificate | B21: 50 | C21: 0.061124694 | D21: 52 | E21: =D21/'Indicatore 1_Imprese registrate'!D22 -> 0.066581306 | F21: 49 | G21: =F21/'Indicatore 1_Imprese registrate'!F22 -> 0.061946903 | H21: =(F21-D21)/D21 -> -0.057692308 | I21: 45 | J21: =I21/('Indicatore 1_Imprese registrate'!H22) -> 0.060728745 | K21: =(I21-F21)/F21 -> -0.081632653 | L21: 46 | M21: =L21/'Indicatore 1_Imprese registrate'!J22 -> 0.061251664 | N21: =(L21-I21)/I21 -> 0.022222222 | O21: 44 | P21: =O21/'Indicatore 1_Imprese registrate'!L22 -> 0.058201058 | Q21: =(O21-L21)/L21 -> -0.043478261
A22: Totale | B22: =SUM(B5:B21) -> 1162 | C22: 0.067008823 | D22: 1162 | E22: =D22/'Indicatore 1_Imprese registrate'!D23 -> 0.068493958 | F22: =SUM(F5:F21) -> 1159 | G22: =F22/'Indicatore 1_Imprese registrate'!F23 -> 0.070153138 | H22: =(F22-D22)/D22 -> -0.0025817556 | I22: 1121 | J22: =I22/('Indicatore 1_Imprese registrate'!H23) -> 0.069540943 | K22: =(I22-F22)/F22 -> -0.032786885 | L22: 1145 | M22: =L22/'Indicatore 1_Imprese registrate'!J23 -> 0.071661034 | N22: =(L22-I22)/I22 -> 0.021409456 | O22: =SUM(O5:O21) -> 1155 | P22: =O22/'Indicatore 1_Imprese registrate'!L23 -> 0.072925874 | Q22: =(O22-L22)/L22 -> 0.0087336245
A23: Fonte: Elaborazioni Camera di Commercio Monte Rosa Laghi Alto Piemonte
A24: Nota: Si considerano “imprese giovanili” le imprese la cui partecipazione del controllo e della proprietà è detenuta in prevalenza da persone di età inferiore ai 35 anni.
A25: Nota metodologica: eventuali differenze significative tra i dati 2024 e 2025 potrebbero essere riconducibili, almeno in parte, alla variazione dei codici ATECO intervenuta nel periodo considerato. Tale cambiamento può incidere sulla classificazione delle attività e, di conseguenza, sulla comparabilità diretta tra le due annualità.
A27: Imprese giovanili registrate per settore - Provincia di Biella (2020-2025)
B29: 2020 | D29: 2021 | F29: 2022 | H29: 2023 | J29: 2024 | L29: 2025
A30: Settore | B30: v.a. | C30: % sul totale delle giovanili | D30: v.a. | E30: % sul totale delle giovanili | F30: v.a. | G30: % sul totale delle giovanili | H30: v.a. | I30: % sul totale delle giovanili | J30: v.a. | K30: % sul totale delle giovanili | L30: v.a. | M30: % sul totale delle giovanili
A31: Agricoltura, silvicoltura pesca | B31: 145 | C31: =B31/$B$48 -> 0.12478485 | D31: 133 | E31: =D31/$D$48 -> 0.11445783 | F31: 132 | G31: =F31/$F$48 -> 0.11389129 | H31: 130 | I31: =H31/$H$48 -> 0.11596789 | J31: 141 | K31: =J31/$J$48 -> 0.1231441 | L31: 138 | M31: =L31/$L$48 -> 0.11948052
A32: Attività manifatturiere | B32: 66 | C32: =B32/$B$48 -> 0.056798623 | D32: 69 | E32: =D32/$D$48 -> 0.059380379 | F32: 65 | G32: =F32/$F$48 -> 0.05608283 | H32: 63 | I32: =H32/$H$48 -> 0.056199822 | J32: 68 | K32: =J32/$J$48 -> 0.059388646 | L32: 66 | M32: =L32/$L$48 -> 0.057142857
A33: Fornitura di servizi elettrici, gas, acqua, etc. | B33: 3 | C33: =B33/$B$48 -> 0.0025817556 | D33: 3 | E33: =D33/$D$48 -> 0.0025817556 | F33: 4 | G33: =F33/$F$48 -> 0.0034512511 | H33: 4 | I33: =H33/$H$48 -> 0.0035682426 | J33: 4 | K33: =J33/$J$48 -> 0.0034934498 | L33: 6 | M33: =L33/$L$48 -> 0.0051948052
A34: Costruzioni | B34: 143 | C34: =B34/$B$48 -> 0.12306368 | D34: 135 | E34: =D34/$D$48 -> 0.116179 | F34: 134 | G34: =F34/$F$48 -> 0.11561691 | H34: 140 | I34: =H34/$H$48 -> 0.12488849 | J34: 148 | K34: =J34/$J$48 -> 0.12925764 | L34: 140 | M34: =L34/$L$48 -> 0.12121212
A35: Commercio all'ingrosso e al dettaglio | B35: 251 | C35: =B35/$B$48 -> 0.21600688 | D35: 260 | E35: =D35/$D$48 -> 0.22375215 | F35: 268 | G35: =F35/$F$48 -> 0.23123382 | H35: 241 | I35: =H35/$H$48 -> 0.21498662 | J35: 222 | K35: =J35/$J$48 -> 0.19388646 | L35: 194 | M35: =L35/$L$48 -> 0.16796537
A36: Trasporto e magazzinaggio | B36: 8 | C36: =B36/$B$48 -> 0.0068846816 | D36: 6 | E36: =D36/$D$48 -> 0.0051635112 | F36: 7 | G36: =F36/$F$48 -> 0.0060396894 | H36: 7 | I36: =H36/$H$48 -> 0.0062444246 | J36: 7 | K36: =J36/$J$48 -> 0.0061135371 | L36: 7 | M36: =L36/$L$48 -> 0.0060606061
A37: Attività dei servizi di alloggio e di ristorazione | B37: 129 | C37: =B37/$B$48 -> 0.11101549 | D37: 126 | E37: =D37/$D$48 -> 0.10843373 | F37: 123 | G37: =F37/$F$48 -> 0.10612597 | H37: 118 | I37: =H37/$H$48 -> 0.10526316 | J37: 120 | K37: =J37/$J$48 -> 0.10480349 | L37: 117 | M37: =L37/$L$48 -> 0.1012987
A38: Servizi di informazione e comunicazione | B38: 26 | C38: =B38/$B$48 -> 0.022375215 | D38: 28 | E38: =D38/$D$48 -> 0.024096386 | F38: 27 | G38: =F38/$F$48 -> 0.023295945 | H38: 28 | I38: =H38/$H$48 -> 0.024977698 | J38: 35 | K38: =J38/$J$48 -> 0.030567686 | L38: 40 | M38: =L38/$L$48 -> 0.034632035
A39: Attività finanziarie e assicurative | B39: 58 | C39: =B39/$B$48 -> 0.049913941 | D39: 55 | E39: =D39/$D$48 -> 0.047332186 | F39: 49 | G39: =F39/$F$48 -> 0.042277826 | H39: 55 | I39: =H39/$H$48 -> 0.049063336 | J39: 61 | K39: =J39/$J$48 -> 0.053275109 | L39: 67 | M39: =L39/$L$48 -> 0.058008658
A40: Attività immobiliari | B40: 44 | C40: =B40/$B$48 -> 0.037865749 | D40: 40 | E40: =D40/$D$48 -> 0.034423408 | F40: 46 | G40: =F40/$F$48 -> 0.039689387 | H40: 40 | I40: =H40/$H$48 -> 0.035682426 | J40: 42 | K40: =J40/$J$48 -> 0.036681223 | L40: 40 | M40: =L40/$L$48 -> 0.034632035
A41: Attività professionali, scientifiche e tecniche | B41: 32 | C41: =B41/$B$48 -> 0.027538726 | D41: 43 | E41: =D41/$D$48 -> 0.037005164 | F41: 40 | G41: =F41/$F$48 -> 0.034512511 | H41: 45 | I41: =H41/$H$48 -> 0.04014273 | J41: 54 | K41: =J41/$J$48 -> 0.047161572 | L41: 55 | M41: =L41/$L$48 -> 0.047619048
A42: Noleggio, agenzie di viaggio, servizi di supporto alle imprese | B42: 105 | C42: =B42/$B$48 -> 0.090361446 | D42: 104 | E42: =D42/$D$48 -> 0.089500861 | F42: 112 | G42: =F42/$F$48 -> 0.09663503 | H42: 97 | I42: =H42/$H$48 -> 0.086529884 | J42: 95 | K42: =J42/$J$48 -> 0.082969432 | L42: 114 | M42: =L42/$L$48 -> 0.098701299
... A47: Imprese non classificate | B47: 50 | C47: =B47/$B$48 -> 0.04302926 | D47: 52 | E47: =D47/$D$48 -> 0.04475043 | F47: 49 | G47: =F47/$F$48 -> 0.042277826 | H47: 45 | I47: =H47/$H$48 -> 0.04014273 | J47: 46 | K47: =J47/$J$48 -> 0.040174672 | L47: 44 | M47: =L47/$L$48 -> 0.038095238
A48: Totale | B48: =SUM(B31:B47) -> 1162 | C48: =B48/$B$48 -> 1 | D48: 1162 | E48: =D48/$D$48 -> 1 | F48: =SUM(F31:F47) -> 1159 | G48: =F48/$F$48 -> 1 | H48: 1121 | I48: =H48/$H$48 -> 1 | J48: 1145 | K48: =J48/$J$48 -> 1 | L48: =SUM(L31:L47) -> 1155 | M48: =L48/$L$48 -> 1
A49: Fonte: Elaborazioni Camera di Commercio Monte Rosa Laghi Alto Piemonte
A50: Nota: Si considerano “imprese giovanili” le imprese la cui partecipazione del controllo e della proprietà è detenuta in prevalenza da persone di età inferiore ai 35 anni.
A51: Nota metodologica: eventuali differenze significative tra i dati 2024 e 2025 potrebbero essere riconducibili, almeno in parte, alla variazione dei codici ATECO intervenuta nel periodo considerato. Tale cambiamento può incidere sulla classificazione delle attività e, di conseguenza, sulla comparabilità diretta tra le due annualità.

Sheet Indicatore 5_Imprese BIO
A1: Numero e incidenza di aziende agricole e zootecniche con certificazione bio - Piemonte e Provincia di Biella (2021-2025)
B3: 2021 | D3: 2022 | F3: 2023 | H3: 2024 | J3: 2025
B4: v.a. | C4: % sul totale delle aziende bio in Piemonte | D4: v.a. | E4: % sul totale delle aziende bio in Piemonte | F4: v.a. | G4: % sul totale delle aziende bio in Piemonte | H4: v.a. | I4: % sul totale delle aziende bio in Piemonte | J4: v.a. | K4: % sul totale delle aziende bio in Piemonte
A5: Biella | B5: 113 | C5: 0.035 | D5: 111 | E5: 0.0325 | F5: 108 | G5: 0.0325 | H5: 100 | I5: =H5/H6 -> 0.029985007 | J5: 101 | K5: =J5/J6 -> 0.032340698
A6: Piemonte | B6: 3245 | C6: 1 | D6: 3416 | E6: 1 | F6: 3441 | G6: 1 | H6: 3335 | I6: 1 | J6: 3123 | K6: 1
A7: Valore medio delle province piemontesi | B7: 405,6 | C7: -% | D7: 427 | F7: 430,12 | H7: 416.87 | J7: 390
A8: Fonte: Regione Piemonte

Sheet Indicatore 6_Imprese straniere
A1: Imprese straniere per settore - Provincia di Biella (2023-2025)
B3: 2023 | F3: 2024 | J3: 2025
B4: Registrate | D4: Cessazioni | F4: Registrate | H4: Cessazioni | J4: Registrate | L4: Cessazioni
B5: v.a. | C5: % sul totale delle registrate | D5: v.a. | E5: % sul totale delle registrate | F5: v.a. | G5: % sul totale delle registrate | H5: v.a. | I5: % sul totale delle registrate | J5: v.a. | K5: % sul totale delle registrate | L5: v.a. | M5: % sul totale delle registrate
A6: Agricoltura, silvicoltura pesca | B6: 21 | C6: =B6/'Indicatore 1_Imprese registrate'!H5 -> 0.015283843 | D6: 3 | E6: =D6/B6 -> 0.14285714 | F6: 20 | G6: =F6/'Indicatore 1_Imprese registrate'!J5 -> 0.01459854 | H6: 3 | I6: =H6/F6 -> 0.15 | J6: 22 | K6: =J6/'Indicatore 1_Imprese registrate'!L5 -> 0.016454749 | L6: 1 | M6: =L6/J6 -> 0.045454545
A7: Attività manifatturiere | B7: 69 | C7: - | D7: 4 | E7: =D7/B7 -> 0.057971014 | F7: 69 | G7: =F7/'Indicatore 1_Imprese registrate'!J7 -> 0.038764045 | H7: 2 | I7: =H7/F7 -> 0.028985507 | J7: 68 | K7: =J7/'Indicatore 1_Imprese registrate'!L7 -> 0.03926097 | L7: 3 | M7: =L7/J7 -> 0.044117647
A8: Fornitura di acqua; reti fognarie, attività di gestione dei rifiuti | B8: 3 | C8: =B8/'Indicatore 1_Imprese registrate'!H7:H23 -> 0.033707865 | D8: 0 | E8: =D8/B8 -> 0 | F8: 3 | G8: =F8/'Indicatore 1_Imprese registrate'!J8 -> 0.034482759 | H8: 0 | I8: =H8/F8 -> 0 | J8: 3 | K8: =J8/'Indicatore 1_Imprese registrate'!L8 -> 0.033707865 | L8: 1 | M8: =L8/J8 -> 0.33333333
A9: Costruzioni | B9: 271 | C9: =B9/'Indicatore 1_Imprese registrate'!H9 -> 0.11556503 | D9: 31 | E9: =D9/B9 -> 0.11439114 | F9: 293 | G9: =F9/'Indicatore 1_Imprese registrate'!J9 -> 0.12537441 | H9: 21 | I9: =H9/F9 -> 0.071672355 | J9: 307 | K9: =J9/'Indicatore 1_Imprese registrate'!L9 -> 0.13488576 | L9: 21 | M9: =L9/J9 -> 0.068403909
A10: Commercio all'ingrosso e al dettaglio; riparazione di auto | B10: 305 | C10: =B10/'Indicatore 1_Imprese registrate'!H10 -> 0.087467737 | D10: 25 | E10: =D10/B10 -> 0.081967213 | F10: 315 | G10: =F10/'Indicatore 1_Imprese registrate'!J10 -> 0.092321219 | H10: 14 | I10: =H10/F10 -> 0.044444444 | J10: 302 | K10: =J10/'Indicatore 1_Imprese registrate'!L10 -> 0.10083472 | L10: 19 | M10: =L10/J10 -> 0.062913907
A11: Trasporto e magazzinaggio | B11: 10 | C11: =B11/'Indicatore 1_Imprese registrate'!H11 -> 0.049751244 | D11: 0 | E11: =D11/B11 -> 0 | F11: 10 | G11: =F11/'Indicatore 1_Imprese registrate'!J11 -> 0.051020408 | H11: 2 | I11: =H11/F11 -> 0.2 | J11: 11 | K11: =J11/'Indicatore 1_Imprese registrate'!L11 -> 0.058201058 | L11: 0 | M11: =L11/J11 -> 0
A12: Attività dei servizi di alloggio e di ristorazione | B12: 122 | C12: =B12/'Indicatore 1_Imprese registrate'!H12 -> 0.11202938 | D12: 12 | E12: =D12/B12 -> 0.098360656 | F12: 123 | G12: =F12/'Indicatore 1_Imprese registrate'!J12 -> 0.1144186 | H12: 13 | I12: =H12/F12 -> 0.10569106 | J12: 130 | K12: =J12/'Indicatore 1_Imprese registrate'!L12 -> 0.12025902 | L12: 4 | M12: =L12/J12 -> 0.030769231
A13: Servizi di informazione e comunicazione | B13: 18 | C13: =B13/'Indicatore 1_Imprese registrate'!H13 -> 0.061643836 | D13: 0 | E13: =D13/B13 -> 0 | F13: 19 | G13: =F13/'Indicatore 1_Imprese registrate'!J13 -> 0.063758389 | H13: 0 | I13: =H13/F13 -> 0 | J13: 18 | K13: =J13/'Indicatore 1_Imprese registrate'!L13 -> 0.059405941 | L13: 6 | M13: =L13/J13 -> 0.33333333
A14: Attività finanziarie e assicurative | B14: 18 | C14: =B14/'Indicatore 1_Imprese registrate'!H14 -> 0.030874786 | D14: 0 | E14: =D14/B14 -> 0 | F14: 19 | G14: =F14/'Indicatore 1_Imprese registrate'!J14 -> 0.032312925 | H14: 0 | I14: =H14/F14 -> 0 | J14: 18 | K14: =J14/'Indicatore 1_Imprese registrate'!L14 -> 0.029363785 | L14: 1 | M14: =L14/J14 -> 0.055555556
A15: Attività immobiliari | B15: 20 | C15: =B15/'Indicatore 1_Imprese registrate'!H15 -> 0.011554015 | D15: 2 | E15: =D15/B15 -> 0.1 | F15: 21 | G15: =F15/'Indicatore 1_Imprese registrate'!J15 -> 0.012195122 | H15: 1 | I15: =H15/F15 -> 0.047619048 | J15: 22 | K15: =J14/'Indicatore 1_Imprese registrate'!L15 -> 0.010262258 | L15: 2 | M15: =L15/J15 -> 0.090909091
A16: Attività professionali, scientifiche e tecniche | B16: 24 | C16: =B16/'Indicatore 1_Imprese registrate'!H16 -> 0.041522491 | D16: 2 | E16: =D16/B16 -> 0.083333333 | F16: 25 | G16: =F16/'Indicatore 1_Imprese registrate'!J16 -> 0.041528239 | H16: 4 | I16: =H16/F16 -> 0.16 | J16: 31 | K16: =J15/'Indicatore 1_Imprese registrate'!L16 -> 0.039355993 | L16: 0 | M16: =L16/J16 -> 0
A17: Noleggio, agenzie di viaggio, servizi di supporto alle imprese | B17: 49 | C17: =B17/'Indicatore 1_Imprese registrate'!H17 -> 0.081530782 | D17: 4 | E17: =D17/B17 -> 0.081632653 | F17: 52 | G17: =F17/'Indicatore 1_Imprese registrate'!J17 -> 0.088586031 | H17: 5 | I17: =H17/F17 -> 0.096153846 | J17: 56 | K17: =J16/'Indicatore 1_Imprese registrate'!L17 -> 0.048286604 | L17: 6 | M17: =L17/J17 -> 0.10714286
A18: Istruzione | B18: 7 | C18: =B18/'Indicatore 1_Imprese registrate'!H18 -> 0.077777778 | D18: 0 | E18: =D18/B18 -> 0 | F18: 5 | G18: =F18/'Indicatore 1_Imprese registrate'!J18 -> 0.054945055 | H18: 1 | I18: =H18/F18 -> 0.2 | J18: 5 | K18: =J17/'Indicatore 1_Imprese registrate'!L18 -> 0.62921348 | L18: 0 | M18: =L18/J18 -> 0
A19: Sanità e assistenza sociale | B19: 6 | C19: =B19/'Indicatore 1_Imprese registrate'!H19 -> 0.064516129 | D19: 0 | E19: =D19/B19 -> 0 | F19: 6 | G19: =F19/'Indicatore 1_Imprese registrate'!J19 -> 0.069767442 | H19: 0 | I19: =H19/F19 -> 0 | J19: 9 | K19: =J18/'Indicatore 1_Imprese registrate'!L19 -> 0.054945055 | L19: 0 | M19: =L19/J19 -> 0
A20: Attività artistiche, sportive, di intrattenimento e divertimento | B20: 12 | C20: =B20/'Indicatore 1_Imprese registrate'!H20 -> 0.06185567 | D20: 0 | E20: =D20/B20 -> 0 | F20: 13 | G20: =F20/'Indicatore 1_Imprese registrate'!J20 -> 0.063414634 | H20: 2 | I20: =H20/F20 -> 0.15384615 | J20: 12 | K20: =J19/'Indicatore 1_Imprese registrate'!L20 -> 0.042654028 | L20: 2 | M20: =L20/J20 -> 0.16666667
A21: Altre attività di servizi | B21: 82 | C21: =B21/'Indicatore 1_Imprese registrate'!H21 -> 0.10301508 | D21: 6 | E21: =D21/B21 -> 0.073170732 | F21: 88 | G21: =F21/'Indicatore 1_Imprese registrate'!J21 -> 0.11195929 | H21: 5 | I21: =H21/F21 -> 0.056818182 | J21: 110 | K21: =J20/'Indicatore 1_Imprese registrate'!L21 -> 0.010752688 | L21: 7 | M21: =L21/J21 -> 0.063636364
A22: Imprese non classificate | B22: 53 | C22: =B22/'Indicatore 1_Imprese registrate'!H22 -> 0.071524966 | D22: 4 | E22: =D22/B22 -> 0.075471698 | F22: 59 | G22: =F22/'Indicatore 1_Imprese registrate'!J22 -> 0.078561917 | H22: 2 | I22: =H22/F22 -> 0.033898305 | J22: 67 | K22: =J21/'Indicatore 1_Imprese registrate'!L22 -> 0.14550265 | L22: 6 | M22: =L22/J22 -> 0.089552239
A23: Totale | B23: 1090 | C23: =B23/'Indicatore 1_Imprese registrate'!H23 -> 0.067617866 | D23: 93 | E23: =D23/B23 -> 0.085321101 | F23: 1140 | G23: =F23/'Indicatore 1_Imprese registrate'!J23 -> 0.071348104 | H23: 75 | I23: =H23/F23 -> 0.065789474 | J23: 1191 | K23: =J23/'Indicatore 1_Imprese registrate'!L23 -> 0.075198889 | L23: 79 | M23: =L23/J23 -> 0.066330814
A24: Fonte: Elaborazioni Camera di Commercio Monte Rosa Laghi Alto Piemonte
A25: Nota metodologica: eventuali differenze significative tra i dati 2024 e 2025 potrebbero essere riconducibili, almeno in parte, alla variazione dei codici ATECO intervenuta nel periodo considerato. Tale cambiamento può incidere sulla classificazione delle attività e, di conseguenza, sulla comparabilità diretta tra le due annualità.

Sheet Indicatore 7_Servizi per la san
A1: Servizi per la sanità e l'assistenza sociale - Provincia di Biella (2020-2025)
B3: 2020 | H3: 2021 | N3: 2022 | T3: 2023 | Z3: 2024 | AF3: 2025
B4: Assistenza sanitaria | D4: Servizi di assistenza sociale residenziale | F4: Assistenza sociale non residenziale | H4: Assistenza sanitaria | J4: Servizi di assistenza sociale residenziale | L4: Assistenza sociale non residenziale | N4: Assistenza sanitaria | P4: Servizi di assistenza sociale residenziale | R4: Assistenza sociale non residenziale | T4: Assistenza sanitaria | V4: Servizi di assistenza sociale residenziale | X4: Assistenza sociale non residenziale | Z4: Assistenza sanitaria | AB4: Servizi di assistenza sociale residenziale | AD4: Assistenza sociale non residenziale | AF4: Assistenza sanitaria | AH4: Servizi di assistenza sociale residenziale | AJ4: Assistenza sociale non residenziale
B5: Imprese registrate | C5: Imprese ogni mille abitanti | D5: Imprese registrate | E5: Imprese ogni mille abitanti | F5: Imprese registrate | G5: Imprese ogni mille abitanti | H5: Imprese registrate | I5: Imprese ogni mille abitanti | J5: Imprese registrate | K5: Imprese ogni mille abitanti | L5: Imprese registrate | M5: Imprese ogni mille abitanti | N5: Imprese registrate | O5: Imprese ogni mille abitanti | P5: Imprese registrate | Q5: Imprese ogni mille abitanti | R5: Imprese registrate | S5: Imprese ogni mille abitanti | T5: Imprese registrate | U5: Imprese ogni mille abitanti | V5: Imprese registrate | W5: Imprese ogni mille abitanti | X5: Imprese registrate | Y5: Imprese ogni mille abitanti | Z5: Imprese registrate | AA5: Imprese ogni mille abitanti | AB5: Imprese registrate | AC5: Imprese ogni mille abitanti | AD5: Imprese registrate | AE5: Imprese ogni mille abitanti | AF5: Imprese registrate | AG5: Imprese ogni mille abitanti | AH5: Imprese registrate | AI5: Imprese ogni mille abitanti | AJ5: Imprese registrate | AK5: Imprese ogni mille abitanti
A6: Ailoche | B6: 0 | C6: 0 | D6: 0 | E6: 0 | F6: 0 | G6: 0 | H6: 0 | I6: 0 | J6: 0 | K6: 0 | L6: 0 | M6: 0 | N6: 0 | O6: 0 | P6: 0 | Q6: 0 | R6: 0 | S6: 0 | T6: 0 | U6: 0 | V6: 0 | W6: 0 | X6: 0 | Y6: 0 | Z6: 0 | AA6: 0 | AB6: 0 | AC6: 0 | AD6: 0 | AE6: 0 | AF6: 0 | AG6: 0 | AH6: 0 | AI6: 0 | AJ6: 0 | AK6: 0
A7: Andorno Micca | B7: 0 | C7: 0 | D7: 1 | E7: 0.3288392 | F7: 0 | G7: 0 | H7: 0 | I7: 0 | J7: 1 | K7: 0.0059317962 | L7: 0 | M7: 0 | N7: 0 | O7: 0 | P7: 1 | Q7: 0.3288392 | R7: 0 | S7: 0 | T7: 0 | U7: 0 | V7: 1 | W7: 0.3288392 | X7: 0 | Y7: 0 | Z7: 0 | AA7: 0 | AB7: 1 | AC7: 0.014580873 | AD7: 0 | AE7: 0 | AF7: 0 | AG7: 0 | AH7: 1 | AI7: 0.3288392 | AJ7: 0 | AK7: 0
A8: Benna | B8: 1 | C8: 0.85984523 | D8: 0 | E8: 0 | F8: 0 | G8: 0 | H8: 1 | I8: 0.85984523 | J8: 0 | K8: 0 | L8: 0 | M8: 0 | N8: 1 | O8: 0.85984523 | P8: 0 | Q8: 0 | R8: 0 | S8: 0 | T8: 1 | U8: 0.85984523 | V8: 0 | W8: 0 | X8: 0 | Y8: 0 | Z8: 1 | AA8: 0.0059317962 | AB8: 0 | AC8: 0 | AD8: 0 | AE8: 0 | AF8: 1 | AG8: 0.0059317962 | AH8: 0 | AI8: 0 | AJ8: 0 | AK8: 0
A9: Biella | B9: 34 | C9: 0.78738334 | D9: 14 | E9: 0.32421667 | F9: 37 | G9: 0.85685834 | H9: 34 | I9: 0.78738334 | J9: 14 | K9: 0.083045147 | L9: 37 | M9: 0.21947646 | N9: 38 | O9: 0.88001667 | P9: 14 | Q9: 0.32421667 | R9: 34 | S9: 0.78738334 | T9: 37 | U9: 0.85685834 | V9: 16 | W9: 0.37053334 | X9: 38 | Y9: 0.88001667 | Z9: 38 | AA9: 0.22540826 | AB9: 15 | AC9: 0.21871309 | AD9: 33 | AE9: 0.19574927 | AF9: 41 | AG9: 0.24320364 | AH9: 15 | AI9: 0.347375 | AJ9: 30 | AK9: 0.69475001
A10: Bioglio | B10: 0 | C10: 0 | D10: 1 | E10: 1.1086475 | F10: 0 | G10: 0 | H10: 1 | I10: 1.1086475 | J10: 1 | K10: 0.0059317962 | L10: 0 | M10: 0 | N10: 1 | O10: 1.1086475 | P10: 1 | Q10: 1.1086475 | R10: 0 | S10: 0 | T10: 1 | U10: 1.1086475 | V10: 1 | W10: 1.1086475 | X10: 0 | Y10: 0 | Z10: 1 | AA10: 0.0059317962 | AB10: 1 | AC10: 0.014580873 | AD10: 0 | AE10: 0 | AF10: 1 | AG10: 0.0059317962 | AH10: 1 | AI10: 1.1086475 | AJ10: 0 | AK10: 0
A11: Borriana | B11: 0 | C11: 0 | D11: 0 | E11: 0 | F11: 0 | G11: 0 | H11: 0 | I11: 0 | J11: 0 | K11: 0 | L11: 0 | M11: 0 | N11: 0 | O11: 0 | P11: 0 | Q11: 0 | R11: 0 | S11: 0 | T11: 0 | U11: 0 | V11: 0 | W11: 0 | X11: 0 | Y11: 0 | Z11: 0 | AA11: 0 | AB11: 0 | AC11: 0 | AD11: 0 | AE11: 0 | AF11: 0 | AG11: 0 | AH11: 0 | AI11: 0 | AJ11: 0 | AK11: 0
A12: Brusnengo | B12: 0 | C12: 0 | D12: 1 | E12: 0.53447354 | F12: 1 | G12: 0.53447354 | H12: 0 | I12: 0 | J12: 1 | K12: 0.0059317962 | L12: 1 | M12: 0.0059317962 | N12: 0 | O12: 0 | P12: 1 | Q12: 0.53447354 | R12: 1 | S12: 0.53447354 | T12: 0 | U12: 0 | V12: 1 | W12: 0.53447354 | X12: 0 | Y12: 0 | Z12: 0 | AA12: 0 | AB12: 1 | AC12: 0.014580873 | AD12: 0 | AE12: 0 | AF12: 0 | AG12: 0 | AH12: 1 | AI12: 0.53447354 | AJ12: 0 | AK12: 0
A13: Callabiana | B13: 0 | C13: 0 | D13: 0 | E13: 0 | F13: 0 | G13: 0 | H13: 0 | I13: 0 | J13: 0 | K13: 0 | L13: 0 | M13: 0 | N13: 0 | O13: 0 | P13: 0 | Q13: 0 | R13: 0 | S13: 0 | T13: 0 | U13: 0 | V13: 0 | W13: 0 | X13: 0 | Y13: 0 | Z13: 0 | AA13: 0 | AB13: 0 | AC13: 0 | AD13: 0 | AE13: 0 | AF13: 0 | AG13: 0 | AH13: 0 | AI13: 0 | AJ13: 0 | AK13: 0
A14: Camandona | B14: 0 | C14: 0 | D14: 0 | E14: 0 | F14: 0 | G14: 0 | H14: 0 | I14: 0 | J14: 0 | K14: 0 | L14: 0 | M14: 0 | N14: 0 | O14: 0 | P14: 0 | Q14: 0 | R14: 0 | S14: 0 | T14: 0 | U14: 0 | V14: 0 | W14: 0 | X14: 0 | Y14: 0 | Z14: 0 | AA14: 0 | AB14: 0 | AC14: 0 | AD14: 0 | AE14: 0 | AF14: 0 | AG14: 0 | AH14: 0 | AI14: 0 | AJ14: 0 | AK14: 0
A15: Camburzano | B15: 0 | C15: 0 | D15: 2 | E15: 1.7873101 | F15: 0 | G15: 0 | H15: 0 | I15: 0 | J15: 2 | K15: 0.011863592 | L15: 0 | M15: 0 | N15: 0 | O15: 0 | P15: 2 | Q15: 1.7873101 | R15: 0 | S15: 0 | T15: 0 | U15: 0 | V15: 2 | W15: 1.7873101 | X15: 0 | Y15: 0 | Z15: 0 | AA15: 0 | AB15: 2 | AC15: 0.029161746 | AD15: 0 | AE15: 0 | AF15: 0 | AG15: 0 | AH15: 2 | AI15: 1.7873101 | AJ15: 0 | AK15: 0
A16: Campiglia Cervo | B16: 0 | C16: 0 | D16: 0 | E16: 0 | F16: 0 | G16: 0 | H16: 0 | I16: 0 | J16: 0 | K16: 0 | L16: 0 | M16: 0 | N16: 0 | O16: 0 | P16: 0 | Q16: 0 | R16: 0 | S16: 0 | T16: 0 | U16: 0 | V16: 0 | W16: 0 | X16: 0 | Y16: 0 | Z16: 0 | AA16: 0 | AB16: 0 | AC16: 0 | AD16: 0 | AE16: 0 | AF16: 0 | AG16: 0 | AH16: 0 | AI16: 0 | AJ16: 0 | AK16: 0
A17: Candelo | B17: 1 | C17: 0.13854253 | D17: 1 | E17: 0.13854253 | F17: 4 | G17: 0.55417013 | H17: 1 | I17: 0.13854253 | J17: 1 | K17: 0.0059317962 | L17: 4 | M17: 0.023727185 | N17: 1 | O17: 0.13854253 | P17: 1 | Q17: 0.13854253 | R17: 3 | S17: 0.4156276 | T17: 1 | U17: 0.13854253 | V17: 1 | W17: 0.13854253 | X17: 2 | Y17: 0.27708507 | Z17: 1 | AA17: 0.0059317962 | AB17: 1 | AC17: 0.014580873 | AD17: 2 | AE17: 0.011863592 | AF17: 1 | AG17: 0.0059317962 | AH17: 1 | AI17: 0.13854253 | AJ17: 2 | AK17: 0.27708507
... A80: Totale | B80: 62 | C80: 0.3683285 | D80: 44 | E80: 0.26139442 | F80: 70 | G80: 0.41585476 | H80: 67 | I80: 0.39803241 | J80: 46 | K80: 0.27286263 | L80: 67 | M80: 0.39743035 | N80: 72 | O80: 0.42773632 | P80: 44 | Q80: 0.26139442 | R80: 63 | S80: 0.37426928 | T80: 71 | U80: 0.42179554 | V80: 48 | W80: 0.28515755 | X80: 67 | Y80: 0.39803241 | Z80: 71 | AA80: 0.42115753 | AB80: 48 | AC80: 0.69988189 | AD80: 62 | AE80: 0.36777136 | AF80: 72 | AG80: 0.42708933 | AH80: 51 | AI80: 0.3029799 | AJ80: 59 | AK80: 0.35050615
A81: Fonte: Elaborazioni Camera di Commercio Monte Rosa Laghi Alto Piemonte, Servizio Informazione Economica su dati InfoCamere
A82: Note: Questa sezione include l'erogazione di servizi sanitari e le attività di assistenza sociale. È inclusa una vasta gamma di attività, tra cui l'assistenza sanitaria fornita da medici professionisti presso ospedali e altre strutture, le attività di assistenza domiciliare che contemplano anche attività di assistenza sanitaria o attività di assistenza sociale che non contemplano il coinvolgimento degli operatori sanitari.
A83: Nota metodologica: eventuali differenze significative tra i dati 2024 e 2025 potrebbero essere riconducibili, almeno in parte, alla variazione dei codici ATECO intervenuta nel periodo considerato. Tale cambiamento può incidere sulla classificazione delle attività e, di conseguenza, sulla comparabilità diretta tra le due annualità.

Sheet Indicatore 8_Istruzione ed atti
A1: Attività artistiche, sportive e di intrattenimento, istruzione prescolastica, primaria, secondaria, post-secondaria, altri servizi e attività di supporto all'istruzione - Provincia di Biella (2020-2025)
B3: 2020 | H3: 2021 | N3: 2022 | T3: 2023 | Z3: 2024 | AF3: 2025
B4: Attività di biblioteche, archivi, musei ed altre attività | D4: Attività sportive, di intrattenimento e di divertimento | F4: Istruzione | H4: Attività di biblioteche, archivi, musei ed altre attività | J4: Attività sportive, di intrattenimento e di divertimento | L4: Istruzione | N4: Attività di biblioteche, archivi, musei ed altre attività | P4: Attività sportive, di intrattenimento e di divertimento | R4: Istruzione | T4: Attività di biblioteche, archivi, musei ed altre attività | V4: Attività sportive, di intrattenimento e di divertimento | X4: Istruzione | Z4: Attività di biblioteche, archivi, musei ed altre attività | AB4: Attività sportive, di intrattenimento e di divertimento | AD4: Istruzione | AF4: Attività di biblioteche, archivi, musei ed altre attività | AH4: Attività sportive, di intrattenimento e di divertimento | AJ4: Istruzione
B5: Imprese registrate | C5: Imprese ogni mille abitanti | D5: Imprese registrate | E5: Imprese ogni mille abitanti | F5: Imprese registrate | G5: Imprese ogni mille abitanti | H5: Imprese registrate | I5: Imprese ogni mille abitanti | J5: Imprese registrate | K5: Imprese ogni mille abitanti | L5: Imprese registrate | M5: Imprese ogni mille abitanti | N5: Imprese registrate | O5: Imprese ogni mille abitanti | P5: Imprese registrate | Q5: Imprese ogni mille abitanti | R5: Imprese registrate | S5: Imprese ogni mille abitanti | T5: Imprese registrate | U5: Imprese ogni mille abitanti | V5: Imprese registrate | W5: Imprese ogni mille abitanti | X5: Imprese registrate | Y5: Imprese ogni mille abitanti | Z5: Imprese registrate | AA5: Imprese ogni mille abitanti | AB5: Imprese registrate | AC5: Imprese ogni mille abitanti | AD5: Imprese registrate | AE5: Imprese ogni mille abitanti | AF5: Imprese registrate | AG5: Imprese ogni mille abitanti | AH5: Imprese registrate | AI5: Imprese ogni mille abitanti | AJ5: Imprese registrate | AK5: Imprese ogni mille abitanti
A6: Ailoche | B6: - | C6: - | D6: - | E6: - | F6: 0 | G6: 0 | H6: - | I6: - | J6: - | K6: - | L6: 0 | M6: 0 | N6: 0 | O6: 0 | P6: 0 | Q6: 0 | R6: 0 | S6: 0 | T6: 0 | U6: 0 | V6: 0 | W6: 0 | X6: 0 | Y6: 0 | Z6: 0 | AA6: 0 | AB6: 0 | AC6: 0 | AD6: 0 | AE6: 0 | AF6: - | AG6: - | AH6: - | AI6: - | AJ6: 0 | AK6: 0
A7: Andorno Micca | B7: - | C7: - | D7: - | E7: - | F7: 0 | G7: 0 | H7: - | I7: - | J7: - | K7: - | L7: 0 | M7: 0 | N7: 0 | O7: 0 | P7: 1 | Q7: 0.33 | R7: 0 | S7: 0 | T7: 0 | U7: 0 | V7: 1 | W7: 0.33 | X7: 0 | Y7: 0 | Z7: 0 | AA7: 0 | AB7: 1 | AC7: 0.0059317962 | AD7: 1 | AE7: 0.0059317962 | AF7: - | AG7: - | AH7: - | AI7: - | AJ7: 1 | AK7: 0.3288392
A8: Benna | B8: - | C8: - | D8: - | E8: - | F8: 0 | G8: 0 | H8: - | I8: - | J8: - | K8: - | L8: 0 | M8: 0 | N8: 0 | O8: 0 | P8: 0 | Q8: 0 | R8: 0 | S8: 0 | T8: 0 | U8: 0 | V8: 0 | W8: 0 | X8: 0 | Y8: 0 | Z8: 0 | AA8: 0 | AB8: 0 | AC8: 0 | AD8: 0 | AE8: 0 | AF8: - | AG8: - | AH8: - | AI8: - | AJ8: 0 | AK8: 0
A9: Biella | B9: - | C9: - | D9: - | E9: - | F9: 71 | G9: 1.6442417 | H9: - | I9: - | J9: - | K9: - | L9: 75 | M9: 1.736875 | N9: 3 | O9: 0.069475001 | P9: 73 | Q9: 1.71 | R9: 75 | S9: 1.75 | T9: 3 | U9: 0.07 | V9: 77 | W9: 1.8 | X9: 75 | Y9: 1.76 | Z9: 4 | AA9: 0.023727185 | AB9: 79 | AC9: 0.4686119 | AD9: 80 | AE9: 0.4745437 | AF9: - | AG9: - | AH9: - | AI9: - | AJ9: 76 | AK9: 1.7600333
A10: Bioglio | B10: - | C10: - | D10: - | E10: - | F10: 0 | G10: 0 | H10: - | I10: - | J10: - | K10: - | L10: 1 | M10: 1.1086475 | N10: 0 | O10: 0 | P10: 0 | Q10: 0 | R10: 1 | S10: 1.1 | T10: 0 | U10: 0 | V10: 0 | W10: 0 | X10: 1 | Y10: 1.12 | Z10: 0 | AA10: 0 | AB10: 0 | AC10: 0 | AD10: 1 | AE10: 0.0059317962 | AF10: - | AG10: - | AH10: - | AI10: - | AJ10: 1 | AK10: 1.1086475
A11: Borriana | B11: - | C11: - | D11: - | E11: - | F11: 0 | G11: 0 | H11: - | I11: - | J11: - | K11: - | L11: 0 | M11: 0 | N11: 0 | O11: 0 | P11: 0 | Q11: 0 | R11: 0 | S11: 0 | T11: 0 | U11: 0 | V11: 0 | W11: 0 | X11: 0 | Y11: 0 | Z11: 0 | AA11: 0 | AB11: 0 | AC11: 0 | AD11: 0 | AE11: 0 | AF11: - | AG11: - | AH11: - | AI11: - | AJ11: 0 | AK11: 0
A12: Brusnengo | B12: - | C12: - | D12: - | E12: - | F12: 1 | G12: 0.53447354 | H12: - | I12: - | J12: - | K12: - | L12: 1 | M12: 0.53447354 | N12: 0 | O12: 0 | P12: 3 | Q12: 1.52 | R12: 1 | S12: 0.51 | T12: 0 | U12: 0 | V12: 3 | W12: 1.53 | X12: 1 | Y12: 0.51 | Z12: 0 | AA12: 0 | AB12: 3 | AC12: 0.017795389 | AD12: 1 | AE12: 0.0059317962 | AF12: - | AG12: - | AH12: - | AI12: - | AJ12: 1 | AK12: 0.53447354
A13: Callabiana | B13: - | C13: - | D13: - | E13: - | F13: 1 | G13: 6.7567568 | H13: - | I13: - | J13: - | K13: - | L13: 1 | M13: 6.7567568 | N13: 0 | O13: 0 | P13: 0 | Q13: 0 | R13: 0 | S13: 0 | T13: 0 | U13: 0 | V13: 0 | W13: 0 | X13: 0 | Y13: 0 | Z13: 0 | AA13: 0 | AB13: 0 | AC13: 0 | AD13: 0 | AE13: 0 | AF13: - | AG13: - | AH13: - | AI13: - | AJ13: 0 | AK13: 0
A14: Camandona | B14: - | C14: - | D14: - | E14: - | F14: 0 | G14: 0 | H14: - | I14: - | J14: - | K14: - | L14: 0 | M14: 0 | N14: 0 | O14: 0 | P14: 0 | Q14: 0 | R14: 0 | S14: 0 | T14: 0 | U14: 0 | V14: 0 | W14: 0 | X14: 0 | Y14: 0 | Z14: 0 | AA14: 0 | AB14: 0 | AC14: 0 | AD14: 0 | AE14: 0 | AF14: - | AG14: - | AH14: - | AI14: - | AJ14: 0 | AK14: 0
A15: Camburzano | B15: - | C15: - | D15: - | E15: - | F15: 0 | G15: 0 | H15: - | I15: - | J15: - | K15: - | L15: 0 | M15: 0 | N15: 0 | O15: 0 | P15: 1 | Q15: 0.89 | R15: 0 | S15: 0 | T15: 0 | U15: 0 | V15: 1 | W15: 0.9 | X15: 0 | Y15: 0 | Z15: 0 | AA15: 0 | AB15: 1 | AC15: 0.0059317962 | AD15: 0 | AE15: 0 | AF15: - | AG15: - | AH15: - | AI15: - | AJ15: 0 | AK15: 0
A16: Campiglia Cervo | B16: - | C16: - | D16: - | E16: - | F16: 1 | G16: 2.004008 | H16: - | I16: - | J16: - | K16: - | L16: 1 | M16: 2.004008 | N16: 0 | O16: 0 | P16: 1 | Q16: 1.92 | R16: 1 | S16: 1.92 | T16: 0 | U16: 0 | V16: 1 | W16: 1.95 | X16: 1 | Y16: 1.95 | Z16: 0 | AA16: 0 | AB16: 1 | AC16: 0.0059317962 | AD16: 1 | AE16: 0.0059317962 | AF16: - | AG16: - | AH16: - | AI16: - | AJ16: 1 | AK16: 2.004008
A17: Candelo | B17: - | C17: - | D17: - | E17: - | F17: 4 | G17: 0.55417013 | H17: - | I17: - | J17: - | K17: - | L17: 4 | M17: 0.55417013 | N17: 0 | O17: 0 | P17: 2 | Q17: 0.28 | R17: 4 | S17: 0.55 | T17: 0 | U17: 0 | V17: 2 | W17: 0.28 | X17: 3 | Y17: 0.41 | Z17: 0 | AA17: 0 | AB17: 2 | AC17: 0.011863592 | AD17: 4 | AE17: 0.023727185 | AF17: - | AG17: - | AH17: - | AI17: - | AJ17: 4 | AK17: 0.55417013
... A80: Totale | B80: - | C80: - | D80: - | E80: - | F80: 118 | G80: 0.70101231 | H80: - | I80: - | J80: - | K80: - | L80: 127 | M80: 0.75447935 | N80: 8 | O80: 0.047526258 | P80: 183 | Q80: 1.08 | R80: 126 | S80: 0.74 | T80: 9 | U80: 0.05 | V80: 194 | W80: 1.15 | X80: 125 | Y80: 0.74 | Z80: 10 | AA80: 0.059317962 | AB80: 201 | AC80: 1.192291 | AD80: 128 | AE80: 0.75926991 | AF80: - | AG80: - | AH80: - | AI80: - | AJ80: 124 | AK80: 0.736657
A81: Fonte: Elaborazioni Camera di Commercio Monte Rosa Laghi Alto Piemonte, Servizio Informazione Economica su dati InfoCamere | R81: Nota: In questa sezione viene classificata l'istruzione a qualsiasi livello o per qualsiasi professione. L'attività può essere svolta attraverso lezioni orali o scritte, tramite radio, televisione, internet o per corrispondenza.La sezione include sia l'istruzione impartita dai vari istituti appartenenti al sistema scolastico nazionale ai suoi vari livelli, sia l'istruzione per adulti, i programmi contro l'analfabetismo eccetera. Sono inoltre incluse le scuole e le accademie militari, le scuole all'interno degli istituti penali eccetera ai rispettivi livelli. La sezione comprende sia l'istruzione pubblica che quella privata.Per ciascun livello d'istruzione iniziale le classi comprendono l'istruzione speciale rivolta agli alunni con disabilità fisica o mentale.La sezione è articolata in base al livello di istruzione offerto, secondo quanto stabilito dai livelli ISCED 1997.
A82: Note: Questa sezione include una vasta gamma di attività destinate a soddisfare diversi interessi culturali, di intrattenimento e divertimento per il pubblico, inclusi spettacoli dal vivo, gestione di musei, giochi e scommesse, attività sportive e ricreative.
A83: Nota metodologica: eventuali differenze significative tra i dati 2024 e 2025 potrebbero essere riconducibili, almeno in parte, alla variazione dei codici ATECO intervenuta nel periodo considerato. Tale cambiamento può incidere sulla classificazione delle attività e, di conseguenza, sulla comparabilità diretta tra le due annualità.

Sheet Indicatore 9_Attività di vendi
A1: Attività nel commercio al dettaglio - Provincia di Biella (2022-2024)
B3: 2020 | D3: 2021 | F3: 2022 | H3: 2023 | J3: 2024 | L3: 2025
B4: Imprese registrate | C4: Imprese ogni mille abitanti | D4: Imprese registrate | E4: Imprese ogni mille abitanti | F4: Imprese registrate | G4: Imprese ogni mille abitanti | H4: Imprese registrate | I4: Imprese ogni mille abitanti | J4: Imprese registrate | K4: Imprese ogni mille abitanti | L4: Imprese registrate | M4: Imprese ogni mille abitanti
A5: Ailoche | B5: 2 | C5: 6.8728522 | D5: 2 | E5: 6.8728522 | F5: 2 | G5: 6.37 | H5: 2 | I5: 6.51 | J5: 2 | K5: 6.8728522 | L5: 2 | M5: 6.8728522
A6: Andorno Micca | B6: 44 | C6: 14.468925 | D6: 42 | E6: 13.811246 | F6: 40 | G6: 13.14 | H6: 40 | I6: 13.17 | J6: 38 | K6: 12.49589 | L6: 38 | M6: 12.49589
A7: Benna | B7: 14 | C7: 12.037833 | D7: 13 | E7: 11.177988 | F7: 9 | G7: 7.85 | H7: 10 | I7: 8.83 | J7: 10 | K7: 8.5984523 | L7: 11 | M7: 9.4582975
A8: Biella | B8: 1066 | C8: 24.686784 | D8: 1075 | E8: 24.895209 | F8: 1051 | G8: 24.57 | H8: 1031 | I8: 24.16 | J8: 1005 | K8: 23.274125 | L8: 1024 | M8: 23.714134
A9: Bioglio | B9: 5 | C9: 5.5432373 | D9: 3 | E9: 3.3259424 | F9: 3 | G9: 3.31 | H9: 2 | I9: 2.24 | J9: 2 | K9: 2.2172949 | L9: 2 | M9: 2.2172949
A10: Borriana | B10: 7 | C10: 8.1490105 | D10: 7 | E10: 8.1490105 | F10: 8 | G10: 9.29 | H10: 8 | I10: 9.3 | J10: 8 | K10: 9.3131548 | L10: 10 | M10: 11.641444
A11: Brusnengo | B11: 18 | C11: 9.6205238 | D11: 18 | E11: 9.6205238 | F11: 20 | G11: 10.13 | H11: 19 | I11: 9.7 | J11: 21 | K11: 11.223944 | L11: 25 | M11: 13.361839
A12: Callabiana | B12: 5 | C12: 33.783784 | D12: 5 | E12: 33.783784 | F12: 5 | G12: 34.01 | H12: 6 | I12: 42.86 | J12: 4 | K12: 27.027027 | L12: 5 | M12: 33.783784
A13: Camandona | B13: 4 | C13: 12.618297 | D13: 3 | E13: 9.4637224 | F13: 3 | G13: 9.65 | H13: 3 | I13: 9.71 | J13: 2 | K13: 6.3091483 | L13: 2 | M13: 6.3091483
A14: Camburzano | B14: 15 | C14: 13.404826 | D14: 14 | E14: 12.511171 | F14: 15 | G14: 13.39 | H14: 15 | I14: 13.54 | J14: 14 | K14: 12.511171 | L14: 15 | M14: 13.404826
A15: Campiglia Cervo | B15: 1 | C15: 2.004008 | D15: 5 | E15: 10.02004 | F15: 5 | G15: 9.6 | H15: 5 | I15: 9.77 | J15: 5 | K15: 10.02004 | L15: 6 | M15: 12.024048
A16: Candelo | B16: 66 | C16: 9.1438071 | D16: 67 | E16: 9.2823497 | F16: 63 | G16: 8.66 | H16: 59 | I16: 8.14 | J16: 63 | K16: 8.7281796 | L16: 66 | M16: 9.1438071
... A79: Totale | B79: 2659 | C79: 15.79654 | D79: 2629 | E79: 15.618317 | F79: 2543 | G79: 15.107409 | H79: 2479 | I79: 14.727199 | J79: 2434 | K79: 14.459864 | L79: 2547 | M79: 15.131172
A80: Fonte: Elaborazioni Camera di Commercio Monte Rosa Laghi Alto Piemonte, Servizio Informazione Economica su dati InfoCamere
A81: Nota: Per commercio al dettaglio si intende l'attività svolta da chiunque professionalmente acquista merci in nome e per conto proprio e le rivende, su aree private in sede fissa o mediante altre forme di distribuzione, direttamente al consumatore finale. E' escluso quello di autoveicolie e le loro parti ed accessori effettuato su internet.
A82: Nota metodologica: eventuali differenze significative tra i dati 2024 e 2025 potrebbero essere riconducibili, almeno in parte, alla variazione dei codici ATECO intervenuta nel periodo considerato. Tale cambiamento può incidere sulla classificazione delle attività e, di conseguenza, sulla comparabilità diretta tra le due annualità.

Sheet Indicatore 10_Startup
A1: Imprese registrate come startup - Provincia di Biella (2021-2026)
B3: v.a. | C3: Incidenza % rispetto al totale delle imprese registrate
A4: 2021 | B4: 30 | C4: =B4/17341 -> 0.001730004
A5: 2022 | B5: 28 | C5: =B5/16965 -> 0.0016504568
A6: 2023 | B6: 25 | C6: =B6/'Indicatore 1_Imprese registrate'!F23 -> 0.0015132256
A7: 2024 | B7: 20 | C7: =B7/'Indicatore 1_Imprese registrate'!H23 -> 0.0012406948
A8: 2025 | B8: 15 | C8: =B8/'Indicatore 1_Imprese registrate'!J23 -> 0.00093879084
A9: 2026 | B9: 13 | C9: =B9/'Indicatore 1_Imprese registrate'!L23 -> 0.00082081071
A10: Fonte: Elaborazioni Camera di Commercio Monte Rosa Laghi Alto Piemonte

Sheet Indicatore 11_Anzianità Startup
A1: Iscrizione e anzianità delle imprese registrate come startup - Provincia di Biella (2026)
B3: 2026
B4: valore assoluto delle imprese registrate come startup | C4: Incidenza (%) rispetto al totale delle startup registrate
A5: registrate da più di 6 anni (dal 2020) | B5: 0 | C5: =B5/$B$10 -> 0
A6: registrate da 5 anni (dal 2021) | B6: 3 | C6: =B6/$B$10 -> 0.23076923
A7: registrate da 2 a 4 anni (dal 2022 al 2024) | B7: 6 | C7: =B7/$B$10 -> 0.46153846
A8: registrate da un anno (dal 2025) | B8: 2 | C8: =B8/$B$10 -> 0.15384615
A9: registrate da meno di un anno | B9: 2 | C9: =B9/$B$10 -> 0.15384615
A10: Totale | B10: =SUM(B5:B9) -> 13 | C10: =B10/$B$10 -> 1
A11: Fonte: elaborazioni Camera di Commercio Monte Rosa Laghi Alto Piemonte
A12: Nota: I dati del 2026 sono aggiornati a maggio dello stesso anno.

Sheet Indicatore 12_Settori produttiv
A1: Settore produttivo delle startup - Provincia di Biella (2021-2025)
B3: 2021 | D3: 2022 | F3: 2023 | H3: 2024 | J3: 2025
B4: v.a. | C4: % sul totale delle startup registrate | D4: v.a. | E4: % sul totale delle startup registrate | F4: v.a. | G4: % sul totale delle startup registrate | H4: v.a. | I4: % sul totale delle startup registrate | J4: v.a. | K4: % sul totale delle startup registrate
A5: Commercio | B5: 1 | C5: =B5/B$9 -> 0.033333333 | D5: 1 | E5: =D5/D$9 -> 0.035714286 | F5: 1 | G5: =F5/F$9 -> 0.04 | H5: 2 | I5: =H5/H$9 -> 0.1 | J5: 2 | K5: =J5/J$9 -> 0.13333333
A6: Industria/Artigianato | B6: 9 | C6: =B6/B$9 -> 0.3 | D6: 6 | E6: =D6/D$9 -> 0.21428571 | F6: 6 | G6: =F6/F$9 -> 0.24 | H6: 4 | I6: =H6/H$9 -> 0.2 | J6: 4 | K6: =J6/J$9 -> 0.26666667
A7: Servizi | B7: 18 | C7: =B7/B$9 -> 0.6 | D7: 19 | E7: =D7/D$9 -> 0.67857143 | F7: 16 | G7: =F7/F$9 -> 0.64 | H7: 13 | I7: =H7/H$9 -> 0.65 | J7: 8 | K7: =J7/J$9 -> 0.53333333
A8: Turismo | B8: 2 | C8: =B8/B$9 -> 0.066666667 | D8: 2 | E8: =D8/D$9 -> 0.071428571 | F8: 2 | G8: =F8/F$9 -> 0.08 | H8: 1 | I8: =H8/H$9 -> 0.05 | J8: 0 | K8: =J8/J$9 -> 0
A9: Totale | B9: 30 | C9: =B9/B$9 -> 1 | D9: =SUM(D5:D8) -> 28 | E9: =D9/D$9 -> 1 | F9: =SUM(F5:F8) -> 25 | G9: =F9/F$9 -> 1 | H9: 20 | I9: =H9/H$9 -> 1 | J9: 15 | K9: =J9/J$9 -> 1
A10: Fonte: Elaborazioni Camera di Commercio Monte Rosa Laghi Alto Piemonte
A11: Nota metodologica: eventuali differenze significative tra i dati 2024 e 2025 potrebbero essere riconducibili, almeno in parte, alla variazione dei codici ATECO intervenuta nel periodo considerato. Tale cambiamento può incidere sulla classificazione delle attività e, di conseguenza, sulla comparabilità diretta tra le due annualità.
A13: Attività prevalente delle startup - Provincia di Biella (2021-2025)
C15: 2021 | E15: 2022 | G15: 2023 | I15: 2024 | K15: 2025
A16: Settore produttivo | B16: Attività prevalente | C16: v.a. | D16: % sul totale delle startup registrate | E16: v.a. | F16: % sul totale delle startup registrate | G16: v.a. | H16: % sul totale delle startup registrate | I16: v.a. | J16: % sul totale delle startup registrate | K16: v.a. | L16: % sul totale delle startup registrate
A17: Commercio | B17: Commercio all'ingrosso | C17: 1 | D17: =C17/C$38 -> 0.033333333 | E17: 1 | F17: =E17/E$38 -> 0.035714286 | G17: 0 | H17: =G17/G$38 -> 0 | I17: 1 | J17: =I17/I$38 -> 0.05 | K17: 1 | L17: =K17/K$38 -> 0.071428571
B18: Commercio al dettaglio | C18: 0 | D18: =C18/C$38 -> 0 | E18: 0 | F18: =E18/E$38 -> 0 | G18: 1 | H18: =G18/G$38 -> 0.04 | I18: 1 | J18: =I18/I$38 -> 0.05 | K18: 1 | L18: =K18/K$38 -> 0.071428571
A19: Industria/Artigianato | B19: Industrie alimentari | C19: 1 | D19: =C19/C$38 -> 0.033333333 | E19: 0 | F19: =E19/E$38 -> 0 | G19: 0 | H19: =G19/G$38 -> 0 | I19: 0 | J19: =I19/I$38 -> 0 | K19: 0 | L19: =K19/K$38 -> 0
B20: Fabricazione di articoli in pelle e simili | C20: 1 | D20: =C20/C$38 -> 0.033333333 | E20: 1 | F20: =E20/E$38 -> 0.035714286 | G20: 1 | H20: =G20/G$38 -> 0.04 | I20: 1 | J20: =I20/I$38 -> 0.05 | K20: 1 | L20: =K20/K$38 -> 0.071428571
B21: Fabbricazion di computer e prodotti elettronici | C21: 1 | D21: =C21/C$38 -> 0.033333333 | E21: 1 | F21: =E21/E$38 -> 0.035714286 | G21: 1 | H21: =G21/G$38 -> 0.04 | I21: 1 | J21: =I21/I$38 -> 0.05 | K21: 0 | L21: =K21/K$38 -> 0
B22: Fabbricazione di apparecchiature elettriche | C22: 2 | D22: =C22/C$38 -> 0.066666667 | E22: 1 | F22: =E22/E$38 -> 0.035714286 | G22: 1 | H22: =G22/G$38 -> 0.04 | I22: 1 | J22: =I22/I$38 -> 0.05 | K22: 1 | L22: =K22/K$38 -> 0.071428571
B23: Fabbricazione di macchinari ed apparecchiature | C23: 2 | D23: =C23/C$38 -> 0.066666667 | E23: 1 | F23: =E23/E$38 -> 0.035714286 | G23: 1 | H23: =G23/G$38 -> 0.04 | I23: 0 | J23: =I23/I$38 -> 0 | K23: 0 | L23: =K23/K$38 -> 0
B24: Lavori di costruzione specializzati | C24: 1 | D24: =C24/C$38 -> 0.033333333 | E24: 1 | F24: =E24/E$38 -> 0.035714286 | G24: 1 | H24: =G24/G$38 -> 0.04 | I24: 1 | J24: =I24/I$38 -> 0.05 | K24: 1 | L24: =K24/K$38 -> 0.071428571
B25: Riparazione di computer e di beni per uso personale | C25: 1 | D25: =C25/C$38 -> 0.033333333 | E25: 0 | F25: =E25/E$38 -> 0 | G25: 0 | H25: =G25/G$38 -> 0 | I25: 0 | J25: =I25/I$38 -> 0 | K25: 0 | L25: =K25/K$38 -> 0
B26: Confezione di articoli di abbigliamento e confezione di articoli in pelle e in pelliccia | C26: 0 | D26: =C26/C$38 -> 0 | E26: 1 | F26: =E26/E$38 -> 0.035714286 | G26: 1 | H26: =G26/G$38 -> 0.04 | I26: 0 | J26: =I26/I$38 -> 0 | K26: 1 | L26: =K26/K$38 -> 0.071428571
A27: Servizi | B27: Attività sportive e di intrattenimento | C27: 1 | D27: =C27/C$38 -> 0.033333333 | E27: 1 | F27: =E27/E$38 -> 0.035714286 | G27: 0 | H27: =G27/G$38 -> 0 | J27: =I27/I$38 -> 0 | K27: 0 | L27: =K27/K$38 -> 0
B28: Ricerca scientifica e sviluppo | C28: 3 | D28: =C28/C$38 -> 0.1 | E28: 3 | F28: =E28/E$38 -> 0.10714286 | G28: 3 | H28: =G28/G$38 -> 0.12 | I28: 2 | J28: =I28/I$38 -> 0.1 | K28: 1 | L28: =K28/K$38 -> 0.071428571
B29: Produzione di software, consulenza informativa | C29: 6 | D29: =C29/C$38 -> 0.2 | E29: 5 | F29: =E29/E$38 -> 0.17857143 | G29: 3 | H29: =G29/G$38 -> 0.12 | I29: 2 | J29: =I29/I$38 -> 0.1 | K29: 1 | L29: =K29/K$38 -> 0.071428571
B30: Attività dei servizi di informazione e altri servizi | C30: 5 | D30: =C30/C$38 -> 0.16666667 | E30: 6 | F30: =E30/E$38 -> 0.21428571 | G30: 5 | H30: =G30/G$38 -> 0.2 | I30: 4 | J30: =I30/I$38 -> 0.2 | K30: 3 | L30: =K30/K$38 -> 0.21428571
B31: Istruzione | C31: 1 | D31: =C31/C$38 -> 0.033333333 | E31: 1 | F31: =E31/E$38 -> 0.035714286 | G31: 1 | H31: =G31/G$38 -> 0.04 | I31: 1 | J31: =I31/I$38 -> 0.05 | K31: 0 | L31: =K31/K$38 -> 0
B32: Attività editoriali | C32: 1 | D32: =C32/C$38 -> 0.033333333 | E32: 1 | F32: =E32/E$38 -> 0.035714286 | G32: 2 | H32: =G32/G$38 -> 0.08 | I32: 1 | J32: =I32/I$38 -> 0.05 | K32: 0 | L32: =K32/K$38 -> 0
B33: Pubblicità e ricerche di mercato | C33: 1 | D33: =C33/C$38 -> 0.033333333 | E33: 1 | F33: =E33/E$38 -> 0.035714286 | G33: 1 | H33: =G33/G$38 -> 0.04 | I33: 1 | J33: =I33/I$38 -> 0.05 | K33: 1 | L33: =K33/K$38 -> 0.071428571
B34: Altre attività professionali, scientifiche e tecniche | C34: 0 | D34: =C34/C$38 -> 0 | E34: 1 | F34: =E34/E$38 -> 0.035714286 | G34: 1 | H34: =G34/G$38 -> 0.04 | I34: 1 | J34: =I34/I$38 -> 0.05 | K34: 1 | L34: =K34/K$38 -> 0.071428571
B35: Attività di direzione aziendale e consulenza | C35: 0 | D35: =C35/C$38 -> 0 | E35: 0 | F35: =E35/E$38 -> 0 | G35: 0 | H35: =G35/G$38 -> 0 | I35: 1 | J35: =I35/I$38 -> 0.05 | K35: 1 | L35: =K35/K$38 -> 0.071428571
A36: Turismo | B36: Attività dei servizi alle agenzie di viaggio | C36: 1 | D36: =C36/C$38 -> 0.033333333 | E36: 1 | F36: =E36/E$38 -> 0.035714286 | G36: 1 | H36: =G36/G$38 -> 0.04 | I36: 1 | J36: =I36/I$38 -> 0.05 | K36: 0 | L36: =K36/K$38 -> 0
B37: Alloggio | C37: 1 | D37: =C37/C$38 -> 0.033333333 | E37: 1 | F37: =E37/E$38 -> 0.035714286 | G37: 1 | H37: =G37/G$38 -> 0.04 | I37: 0 | J37: =I37/I$38 -> 0 | K37: 0 | L37: =K37/K$38 -> 0
A38: Totale | C38: 30 | D38: =C38/C$38 -> 1 | E38: =SUM(E17:E37) -> 28 | F38: =E38/E$38 -> 1 | G38: =SUM(G17:G37) -> 25 | H38: =G38/G$38 -> 1 | I38: =SUM(I17:I37) -> 20 | J38: =I38/I$38 -> 1 | K38: =SUM(K17:K37) -> 14 | L38: =K38/K$38 -> 1
A39: Fonte: Elaborazioni Camera di Commercio Monte Rosa Laghi Alto Piemonte
A40: Nota metodologica: eventuali differenze significative tra i dati 2024 e 2025 potrebbero essere riconducibili, almeno in parte, alla variazione dei codici ATECO intervenuta nel periodo considerato. Tale cambiamento può incidere sulla classificazione delle attività e, di conseguenza, sulla comparabilità diretta tra le due annualità.

Sheet Indicatore 13_Valore aggiunto
A1: VALORE AGGIUNTO GENERATO DALLE IMPRESE
A3: Valore aggiunto a prezzi base correnti - Italia, Piemonte e Provincia di Biella (2018-2024)
B5: 2018 | J5: 2019 | R5: 2020 | Z5: 2021 | AH5: 2022 | AP5: 2023 | AX5: 2024
B6: Agricoltura, sivicoltura e pesca | D6: Industria (totale) | F6: Servizi (totale) | H6: Totale | J6: Agricoltura, sivicoltura e pesca | L6: Industria (totale) | N6: Servizi (totale) | P6: Totale | R6: Agricoltura, sivicoltura e pesca | T6: Industria (totale) | V6: Servizi (totale) | X6: Totale | Z6: Agricoltura, sivicoltura e pesca | AB6: Industria (totale) | AD6: Servizi (totale) | AF6: Totale | AH6: Agricoltura, sivicoltura e pesca | AJ6: Industria (totale) | AL6: Servizi (totale) | AN6: Totale | AP6: Agricoltura, sivicoltura e pesca | AR6: Industria (totale) | AT6: Servizi (totale) | AV6: Totale | AX6: Agricoltura, sivicoltura e pesca | AZ6: Industria (totale) | BB6: Servizi (totale) | BD6: Totale
B7: v.a. (in milioni di euro) | C7: % (rispetto al totale nazionale) | D7: v.a. (in milioni di euro) | E7: % (rispetto al totale nazionale) | F7: v.a. (in milioni di euro) | G7: % (rispetto al totale nazionale) | H7: v.a. (in milioni di euro) | I7: % (rispetto al totale nazionale) | J7: v.a. (in milioni di euro) | K7: % (rispetto al totale nazionale) | L7: v.a. (in milioni di euro) | M7: % (rispetto al totale nazionale) | N7: v.a. (in milioni di euro) | O7: % (rispetto al totale nazionale) | P7: v.a. (in milioni di euro) | Q7: % (rispetto al totale nazionale) | R7: v.a. (in milioni di euro) | S7: % (rispetto al totale nazionale) | T7: v.a. (in milioni di euro) | U7: % (rispetto al totale nazionale) | V7: v.a. (in milioni di euro) | W7: % (rispetto al totale nazionale) | X7: v.a. (in milioni di euro) | Y7: % (rispetto al totale nazionale) | Z7: v.a. (in milioni di euro) | AA7: % (rispetto al totale nazionale) | AB7: v.a. (in milioni di euro) | AC7: % (rispetto al totale nazionale) | AD7: v.a. (in milioni di euro) | AE7: % (rispetto al totale nazionale) | AF7: v.a. (in milioni di euro) | AG7: % (rispetto al totale nazionale) | AH7: v.a. (in milioni di euro) | AI7: % (rispetto al totale nazionale) | AJ7: v.a. (in milioni di euro) | AK7: % (rispetto al totale nazionale) | AL7: v.a. (in milioni di euro) | AM7: % (rispetto al totale nazionale) | AN7: v.a. (in milioni di euro) | AO7: % (rispetto al totale nazionale) | AP7: v.a. (in milioni di euro) | AQ7: % (rispetto al totale nazionale) | AR7: v.a. (in milioni di euro) | AS7: % (rispetto al totale nazionale) | AT7: v.a. (in milioni di euro) | AU7: % (rispetto al totale nazionale) | AV7: v.a. (in milioni di euro) | AW7: % (rispetto al totale nazionale) | AX7: v.a. (in milioni di euro) | AY7: % (rispetto al totale nazionale) | AZ7: v.a. (in milioni di euro) | BA7: % (rispetto al totale nazionale) | BB7: v.a. (in milioni di euro) | BC7: % (rispetto al totale nazionale) | BD7: v.a. (in milioni di euro) | BE7: % (rispetto al totale nazionale)
A8: Biella | B8: 40.440622 | C8: =B8/B10 -> 0.0011645297 | D8: 40.440622 | E8: =D8/D10 -> 0.00010696565 | F8: 2918.9913 | G8: =F8/F10 -> 0.0024913205 | H8: 4363.2506 | I8: =H8/H10 -> 0.0027537735 | J8: 37.8 | K8: =J8/$J$10 -> 0.0011007764 | L8: 1419.5 | M8: =L8/$L$10 -> 0.0037052273 | N8: 2919.1 | O8: =N8/$N$10 -> 0.0024567545 | P8: =SUM(J8,L8,N8) -> 4376.4 | Q8: =P8/$P$10 -> 0.0027256414 | R8: 37 | S8: =R8/$R$10 -> 0.0011090961 | T8: 1148.5 | U8: =T8/$T$10 -> 0.0032067937 | V8: 814.2 | W8: =V8/$V$10 -> 0.0023587659 | X8: 3952.9 | Y8: =X8/$X$10 -> 0.002630251 | Z8: 37.9 | AA8: =Z8/$Z$10 -> 0.0010944963 | AB8: 1245.4 | AC8: =AB8/$AB$10 -> 0.0033822374 | AD8: 2913.4 | AE8: =AD8/$AD$10 -> 0.0024689448 | AF8: 4293.8 | AG8: =AF8/$AF$10 -> 0.0026225071 | AH8: 46 | AI8: =AH8/$AH$10 -> 0.0012978146 | AJ8: 1461.9 | AK8: =AJ8/$AJ$10 -> 0.0031530705 | AL8: 1137.9 | AM8: =AL8/$AL$10 -> 0.00090914342 | AN8: 4531.4 | AO8: =AN8/$AN$10 -> 0.0025883284 | AP8: 47.23 | AQ8: =AP8/$AP$10 -> 0.0011953421 | AR8: 1202.75 | AS8: =AR8/$AR$10 -> 0.0031829747 | AT8: 3659.09 | AU8: =AT8/$AT$10 -> 0.0024513642 | AV8: 4909.06 | AW8: =AV8/$AV$10 -> 0.0025701126 | AX8: 50.5 | AY8: =AX8/$AX$10 -> 0.0011494907 | AZ8: 1269.8 | BA8: =AZ8/$AZ$10 -> 0.0033916577 | BB8: 3774.8 | BC8: =BB8/$BB$10 -> 0.002439081 | BD8: 5095.2 | BE8: =BD8/$BD$10 -> 0.0025917183
A9: Piemonte | B9: 2092.5 | C9: =B9/B10 -> 0.060255709 | D9: 35766.9 | E9: 0.09460363 | F9: 85317.5 | G9: 0.07281736 | H9: 123176.9 | I9: =H9/H10 -> 0.077740501 | J9: 2056.8 | K9: =J9/$J$10 -> 0.059896213 | L9: 35887.3 | M9: =L9/$L$10 -> 0.093674254 | N9: 85092.3 | O9: =N9/$N$10 -> 0.071614845 | P9: =SUM(J9,L9,N9) -> 123036.4 | Q9: =P9/$P$10 -> 0.076627618 | R9: 1948.7 | S9: =R9/$R$10 -> 0.058413393 | T9: 32316.4 | U9: =T9/$T$10 -> 0.0902325 | V9: 23839.5 | W9: =V9/$V$10 -> 0.069063867 | X9: 114583.9 | Y9: =X9/$X$10 -> 0.076243875 | Z9: 1913.2 | AA9: =Z9/$Z$10 -> 0.055250406 | AB9: 34733.2 | AC9: =AB9/$AB$10 -> 0.094327868 | AD9: 84797 | AE9: =AD9/$AD$10 -> 0.07186075 | AF9: 124838.9 | AG9: =AF9/$AF$10 -> 0.076247358 | AH9: 1854.3 | AI9: =AH9/$AH$10 -> 0.052316035 | AJ9: =SUM(AH9,AI9) -> 1854.3523 | AK9: =AJ9/$AJ$10 -> 0.0039995236 | AL9: 36867.1 | AM9: =AL9/$AL$10 -> 0.02945556 | AN9: 132279.9 | AO9: =AN9/$AN$10 -> 0.075558067 | AP9: 1976.2 | AQ9: =AP9/$AP$10 -> 0.050015565 | AR9: 33941.4 | AS9: =AR9/$AR$10 -> 0.089823003 | AT9: 107023.4 | AU9: =AT9/$AT$10 -> 0.071699064 | AV9: 142941 | AW9: =AV9/$AV$10 -> 0.07483601 | AX9: 2231.4 | AY9: =AX9/$AX$10 -> 0.050791555 | AZ9: 33902.7 | BA9: =AZ9/$AZ$10 -> 0.090554695 | BB9: 107923.1 | BC9: =BB9/$BB$10 -> 0.069734338 | BD9: 144057.2 | BE9: =BD9/$BD$10 -> 0.073275962
A10: Italia | B10: 34727 | C10: 1 | D10: 378071.1 | E10: 1 | F10: 1171664.3 | G10: 1 | H10: 1584462.4 | I10: 1 | J10: 34339.4 | K10: =J10/$J$10 -> 1 | L10: 383107.4 | M10: =L10/$L$10 -> 1 | N10: 1188193.6 | O10: =N10/$N$10 -> 1 | P10: =SUM(J10,L10,N10) -> 1605640.4 | Q10: =P10/$P$10 -> 1 | R10: 33360.5 | S10: =R10/$R$10 -> 1 | T10: 358145.9 | U10: =T10/$T$10 -> 1 | V10: 345180.5 | W10: =V10/$V$10 -> 1 | X10: 1502860.4 | Y10: =X10/$X$10 -> 1 | Z10: 34627.8 | AA10: =Z10/$Z$10 -> 1 | AB10: 368217.8 | AC10: =AB10/$AB$10 -> 1 | AD10: 1180018.3 | AE10: =AD10/$AD$10 -> 1 | AF10: 1637288.2 | AG10: =AF10/$AF$10 -> 1 | AH10: 35444.2 | AI10: =AH10/$AH$10 -> 1 | AJ10: 463643.3 | AK10: =AJ10/$AJ$10 -> 1 | AL10: 1251617.7 | AM10: =AL10/$AL$10 -> 1 | AN10: 1750705.2 | AO10: =AN10/$AN$10 -> 1 | AP10: 39511.7 | AQ10: =AP10/$AP$10 -> 1 | AR10: 377869.8 | AS10: =AR10/$AR$10 -> 1 | AT10: 1492675 | AU10: =AT10/$AT$10 -> 1 | AV10: 1910056.4 | AW10: =AV10/$AV$10 -> 1 | AX10: 43932.5 | AY10: =AX10/$AX$10 -> 1 | AZ10: 374389.2 | BA10: =AZ10/$AZ$10 -> 1 | BB10: 1547632.1 | BC10: =BB10/$BB$10 -> 1 | BD10: 1965954.4 | BE10: =BD10/$BD$10 -> 1
A11: Fonte: Elaborazioni Camera di Commercio Monte Rosa Laghi Alto Piemonte
A12: Note: I valori 2020 sono preconsutivi, non sono attualmente disponibili per branca di attività.
A15: Valore aggiunto a prezzi base pro capite - Italia, Piemonte e Provincia di Biella (2018-2024)
B16: 2018 | D16: 2019 | F16: 2020 | H16: 2021 | J16: 2022 | L16: 2023 | N16: 2024
B17: Valore aggiunto procapite | D17: Valore aggiunto procapite | F17: Valore aggiunto procapite | H17: Valore aggiunto procapite | J17: Valore aggiunto procapite | L17: Valore aggiunto procapite | N17: Valore aggiunto procapite
B18: v.a. (in milioni di euro) | C18: % (rispetto al totale nazionale) | D18: v.a. (in milioni di euro) | E18: % (rispetto al totale nazionale) | F18: v.a. (in milioni di euro) | G18: % (rispetto al totale nazionale) | H18: v.a. (in milioni di euro) | I18: % (rispetto al totale nazionale) | J18: v.a. (in milioni di euro) | K18: % (rispetto al totale nazionale) | L18: v.a. (in milioni di euro) | M18: % (rispetto al totale nazionale) | N18: v.a. (in milioni di euro) | O18: % (rispetto al totale nazionale)
A19: Italia | B19: 26223.374 | C19: 1 | D19: 26882.05 | E19: =D19/$D$19 -> 1 | F19: 22922.41 | G19: =F21/$F$21 -> 1 | H19: 25201.98 | I19: =H19/H$19 -> 1 | J19: 26723.32 | K19: =J19/J$19 -> 1 | L19: 32382.5 | M19: =L19/L$19 -> 1 | N19: 33345.37 | O19: =N19/$N$19 -> 1
A20: Piemonte | B20: 28211.882 | C20: =B20/B19 -> 1.0758296 | D20: 28481.36 | E20: =D20/$D$19 -> 1.0594936 | F20: 26690.37 | G20: =F20/$F$21 -> 1.0556171 | H20: 29266.11 | I20: =H20/H$19 -> 1.1612623 | J20: 31096.51 | K20: =J20/J$19 -> 1.163647 | L20: 33621.41 | M20: =L20/L$19 -> 1.0382586 | N20: 33881.9 | O20: =N20/$N$19 -> 1.0160901
A21: Biella | B21: 24745.361 | C21: =B21/B19 -> 0.94363759 | D21: 25043.02 | E21: =D21/$D$19 -> 0.93158892 | F21: 25284.14 | G21: =F21/$F$19 -> 1.1030315 | H21: 27688.15 | I21: =H21/H$19 -> 1.0986498 | J21: 29666.1 | K21: =J21/J$19 -> 1.1101203 | L21: 29074.46 | M21: =L21/L$19 -> 0.89784482 | N21: 30246.68 | O21: =N21/$N$19 -> 0.90707286
A24: Fonte: Elaborazioni Camera di Commercio Monte Rosa Laghi Alto Piemonte

Sheet Indicatore 14_Produzione indust
A1: Andamento della produzione industriale nel settore manifatturiero - Provincia di Biella (2020-2025)
B3: Variazione % dell'andamento rispetto allo stesso trimestre dell'anno precedente
A4: Settori | B4: IV trimestre 2020 | C4: I trimestre 2021 | D4: IV trimestre 2021 | E4: I trimestre 2022 | F4: IV trimestre 2022 | G4: I trimestre 2023 | H4: IV trimestre 2023 | I4: I trimestre 2024 | J4: IV trimestre 2024 | K4: I trimestre 2025 | L4: IV trimestre 2025
A5: Filatura | B5: -18.8 | C5: -1.7 | D5: 18.2 | E5: 11.6 | F5: 13 | G5: 2.2 | H5: -1.7 | I5: -6 | J5: -9.3 | K5: -3.8 | L5: 4.5
A6: Tessitura | B6: -45.1 | C6: -18 | D6: 56.9 | E6: 39.8 | F6: 17 | G6: 15 | H6: -5.2 | I6: -21.4 | J6: -8.9 | K6: -6.9 | L6: 5.9
A7: Finissaggio | B7: -24.9 | C7: -8 | D7: 24.8 | E7: 17.2 | F7: 11.8 | G7: 5.2 | H7: -8.6 | I7: -11.2 | J7: -12.6 | K7: 2.3 | L7: 5.8
A8: Altre industrie tessili | B8: 31.6 | C8: 9.2 | D8: 15.9 | E8: 13.6 | F8: -8.4 | G8: -1.4 | H8: -3.9 | I8: -0.1 | J8: 4.7 | K8: -0.9 | L8: -12.6
A9: Meccanica | B9: 0.8 | C9: 9.3 | D9: 4.6 | E9: 0.9 | F9: 4.6 | G9: 4.4 | H9: -3.2 | I9: 0.2 | J9: -3.6 | K9: 3.7 | L9: 6.6
A10: Altre industrie manifatturiere | B10: -1.1 | C10: 4 | D10: 6.3 | E10: 2.8 | F10: -1.4 | G10: -3.5 | H10: -0.3 | I10: 1.3 | J10: 0.4 | K10: 0.7 | L10: 1.5
A11: Totale | B11: -14.3 | C11: -2.5 | D11: 15.3 | E11: 8 | F11: 4 | G11: 1.2 | H11: -1.8 | I11: -3.7 | J11: -2.4 | K11: -0.5 | L11: 1.8
A12: Fonte: Elaborazioni Camera di Commercio Monte Rosa Laghi Alto Piemonte
A13: Nota metodologica: eventuali differenze significative tra i dati 2024 e 2025 potrebbero essere riconducibili, almeno in parte, alla variazione dei codici ATECO intervenuta nel periodo considerato. Tale cambiamento può incidere sulla classificazione delle attività e, di conseguenza, sulla comparabilità diretta tra le due annualità.

Sheet Indicatore 15_Esportazioni 
A1: Flusso delle esportazioni per tipologia di prodotto - Provincia di Biella (anni 2020-2025)
B3: 2020 | D3: 2021 | F3: 2022 | H3: variazione % rispetto all'annualità precedente | J3: 2023 | L3: variazione % rispetto all'annualità precedente | N3: 2024 | P3: variazione % rispetto all'annualità precedente | R3: 2025 | T3: variazione % rispetto all'annualità precedente
A4: Prodotti | B4: v.a. | C4: % | D4: v.a. | E4: % | F4: v.a. | G4: % | H4: v.a. | I4: % | J4: v.a. | K4: % | L4: v.a. | M4: % | N4: v.a. | O4: % | P4: v.a. | Q4: % | R4: v.a. | S4: % | T4: v.a. | U4: %
A5: Agricoltura, della silvicoltura e della pesca | B5: 3270006 | C5: =B5/$B$14 -> 0.002314797 | D5: 4022961 | E5: =D5/$D$14 -> 0.0024516538 | F5: 3865657 | G5: =F5/$F$14 -> 0.0019093321 | H5: =F5-D5 -> -157304 | I5: =(F5-D5)/D5 -> -0.039101547 | J5: 2554680 | K5: =J5/$J$14 -> 0.0012430896 | L5: =J5-F5 -> -1310977 | M5: =(J5-F5)/F5 -> -0.33913433 | N5: 3564231 | O5: =N5/$N$14 -> 0.0019936592 | P5: =N5-J5 -> 1009551 | Q5: =(N5-J5)/J5 -> 0.39517709 | R5: 5189310 | S5: =R5/$R$14 -> 0.0029504838 | T5: =R5-N5 -> 1625079 | U5: =(R5-N5)/N5 -> 0.45594099
A6: Attività manifatturiere | B6: 1397392312 | C6: =B6/$B$14 -> 0.98919682 | D6: 1625522960 | E6: =D6/$D$14 -> 0.9906185 | F6: 2004959278 | G6: =F6/$F$14 -> 0.99029303 | H6: =F6-D6 -> 379436318 | I6: =(F6-D6)/D6 -> 0.23342415 | J6: 2038321756 | K6: =J6/$J$14 -> 0.99183328 | L6: =J6-F6 -> 33362478 | M6: =(J6-F6)/F6 -> 0.016639978 | N6: 1771780100 | O6: =N6/$N$14 -> 0.99104849 | P6: =N6-J6 -> -266541656 | Q6: =(N6-J6)/J6 -> -0.13076525 | R6: 1729127948 | S6: =R6/$R$14 -> 0.98312956 | T6: =R6-N6 -> -42652152 | U6: =(R6-N6)/N6 -> -0.024073051
A7: di cui Alimentari e bevande | B7: 12597903 | C7: =B7/$B$14 -> 0.0089179005 | D7: 19104074 | E7: =D7/$D$14 -> 0.011642314 | F7: 21165584 | G7: =F7/$F$6 -> 0.010556615 | H7: =F7-D7 -> 2061510 | I7: =(F7-D7)/D7 -> 0.10790944 | J7: 8583478 | K7: =J7/$J$14 -> 0.0041766611 | L7: =J7-F7 -> -12582106 | M7: =(J7-F7)/F7 -> -0.59446061 | N7: 24822512 | O7: =N7/$N$14 -> 0.013884518 | P7: =N7-J7 -> 16239034 | Q7: =(N7-J7)/J7 -> 1.8918944 | R7: 26328839 | S7: =R7/$R$14 -> 0.014969777 | T7: =R7-N7 -> 1506327 | U7: =(R7-N7)/N7 -> 0.060683907
A8: di cui Prodotti tessili | B8: 778632799 | C8: =B8/$B$14 -> 0.55118458 | D8: 943804740 | E8: =D8/$D$14 -> 0.57516901 | F8: 1216584478 | G8: =F8/$F$6 -> 0.60678762 | H8: =F8-D8 -> 272779738 | I8: =(F8-D8)/D8 -> 0.28902137 | J8: 1230991310 | K8: =J8/$J$14 -> 0.59899187 | L8: =J8-F8 -> 14406832 | M8: =(J8-F8)/F8 -> 0.011842032 | N8: 1072632823 | O8: =N8/$N$14 -> 0.59997916 | P8: =N8-J8 -> -158358487 | Q8: =(N8-J8)/J8 -> -0.12864306 | R8: 1019863471 | S8: =R8/$R$14 -> 0.57986335 | T8: =R8-N8 -> -52769352 | U8: =(R8-N8)/N8 -> -0.0491961
A9: di cui Articoli di abbigliamento | B9: 234110551 | C9: =B9/$B$14 -> 0.16572398 | D9: 197735001 | E9: =D9/$D$14 -> 0.12050273 | F9: 234972556 | G9: =F9/$F$6 -> 0.11719568 | H9: =F9-D9 -> 37237555 | I9: =(F9-D9)/D9 -> 0.1883205 | J9: 233858208 | K9: =J9/$J$14 -> 0.11379379 | L9: =J9-F9 -> -1114348 | M9: =(J9-F9)/F9 -> -0.0047424602 | N9: 178485888 | O9: =N9/$N$14 -> 0.099836413 | P9: =N9-J9 -> -55372320 | Q9: =(N9-J9)/J9 -> -0.23677732 | R9: 202096265 | S9: =R9/$R$14 -> 0.11490579 | T9: =R9-N9 -> 23610377 | U9: =(R9-N9)/N9 -> 0.13228148
A10: di cui Sostanze e prodotti chimici | B10: 84338756 | C10: =B10/$B$14 -> 0.059702368 | D10: 116265319 | E10: =D10/$D$14 -> 0.07085386 | F10: 139255351 | G10: =F10/$F$6 -> 0.069455451 | H10: =F10-D10 -> 22990032 | I10: =(F10-D10)/D10 -> 0.19773766 | J10: 128444980 | K10: =J10/$J$14 -> 0.06250044 | L10: =J10-F10 -> -10810371 | M10: =(J10-F10)/F10 -> -0.077629843 | N10: 120913357 | O10: =N10/$N$14 -> 0.067633111 | P10: =N10-J10 -> -7531623 | Q10: =(N10-J10)/J10 -> -0.058636959 | R10: 115278253 | S10: =R10/$R$14 -> 0.065543708 | T10: =R10-N10 -> -5635104 | U10: =(R10-N10)/N10 -> -0.046604479
A11: di cui Meccanica | B11: 111513181 | C11: =B11/$B$14 -> 0.078938809 | D11: 141384225 | E11: =D11/$D$14 -> 0.086161704 | F11: 154471066 | G11: =F11/$F$6 -> 0.07704449 | H11: =F11-D11 -> 13086841 | I11: =(F11-D11)/D11 -> 0.092562243 | J11: 184868268 | K11: =J11/$J$14 -> 0.089955622 | L11: =J11-F11 -> 30397202 | M11: =(J11-F11)/F11 -> 0.1967825 | N11: 148689005 | O11: =N11/$N$14 -> 0.083169472 | P11: =N11-J11 -> -36179263 | Q11: =(N11-J11)/J11 -> -0.19570294 | R11: 149382547 | S11: =R11/$R$14 -> 0.084934373 | T11: =R11-N11 -> 693542 | U11: =(R11-N11)/N11 -> 0.0046643799
A12: di cui Altre attività manifatturiere | B12: 176199122 | C12: =B12/$B$14 -> 0.12472919 | D12: 207229600 | E12: =D12/$D$14 -> 0.12628888 | F12: 238510243 | G12: =F12/$F$6 -> 0.11896014 | H12: =F12-D12 -> 31280643 | I12: =(F12-D12)/D12 -> 0.15094679 | J12: 236634282 | K12: =J12/$J$14 -> 0.11514461 | L12: =J12-F12 -> -1875961 | M12: =(J12-F12)/F12 -> -0.0078653268 | N12: 226236515 | O12: =N12/$N$14 -> 0.12654582 | P12: =N12-J12 -> -10397767 | Q12: =(N12-J12)/J12 -> -0.043940239 | R12: 216178573 | S12: =R12/$R$14 -> 0.12291256 | T12: =R12-N12 -> -10057942 | U12: =(R12-N12)/N12 -> -0.044457642
A13: Altri prodotti | B13: 11991140 | C13: =B13/$B$14 -> 0.0084883805 | D13: 11371310 | E13: =D13/$D$14 -> 0.0069298498 | F13: 15787191 | G13: =F13/$F$14 -> 0.0077976373 | H13: =F13-D13 -> 4415881 | I13: =(F13-D13)/D13 -> 0.38833529 | J13: 14232966 | K13: =J13/$J$14 -> 0.0069256629 | L13: =J13-F13 -> -1554225 | M13: =(J13-F13)/F13 -> -0.098448483 | N13: 12439122 | O13: =N13/$N$14 -> 0.006957846 | P13: =N13-J13 -> -1793844 | Q13: =(N13-J13)/J13 -> -0.12603445 | R13: 24482416 | S13: =R13/$R$14 -> 0.013919957 | T13: =R13-N13 -> 12043294 | U13: =(R13-N13)/N13 -> 0.96817878
A14: TOTALE | B14: =SUM(B5,B6,B13) -> 1412653458 | C14: =B14/$B$14 -> 1 | D14: =SUM(D5,D6,D13) -> 1640917231 | E14: =D14/$D$14 -> 1 | F14: =SUM(F5,F6,F13) -> 2024612126 | G14: =F14/$F$14 -> 1 | H14: =F14-D14 -> 383694895 | I14: =(F14-D14)/D14 -> 0.23382952 | J14: 2055105215 | K14: =J14/$J$14 -> 1 | L14: =J14-F14 -> 30493089 | M14: =(J14-F14)/F14 -> 0.0150612 | N14: 1787783453 | O14: =N14/$N$14 -> 1 | P14: =N14-J14 -> -267321762 | Q14: =(N14-J14)/J14 -> -0.13007692 | R14: 1758799674 | S14: =R14/$R$14 -> 1 | T14: =R14-N14 -> -28983779 | U14: =(R14-N14)/N14 -> -0.016212131
A15: Fonte: Elaborazioni Camera di Commercio Monte Rosa Laghi Alto Piemonte
A16: Nota metodologica: eventuali differenze significative tra i dati 2024 e 2025 potrebbero essere riconducibili, almeno in parte, alla variazione dei codici ATECO intervenuta nel periodo considerato. Tale cambiamento può incidere sulla classificazione delle attività e, di conseguenza, sulla comparabilità diretta tra le due annualità.

Sheet Indicatore 16_Imprese associate
A1: Imprese associate per settore - Provincia di Biella (2023-2025)
B3: 2023 | E3: 2024 | H3: 2025
A4: Settore | B4: N° imprese associate | C4: N° addetti totali | D4: Var.% imprese | E4: N° imprese associate | F4: N° addetti totali | G4: Var.% imprese | H4: N° imprese associate | I4: N° addetti totali | J4: Var.% imprese
A5: Tessile e abbigliamento | B5: 177 | C5: 9098 | D5: =B5/$B$14 -> 0.43703704 | E5: 176 | F5: 9296 | G5: =E5/$E$14 -> 0.42822384 | H5: 173 | I5: 9161 | J5: =H5/$H$14 -> 0.42298289
A6: Chimica e plastica | D6: =B6/$B$14 -> 0 | G6: =E6/$E$14 -> 0 | J6: =H6/$H$14 -> 0
A7: Meccanica e metalmeccanica | B7: 82 | C7: 2238 | D7: =B7/$B$14 -> 0.20246914 | E7: 78 | F7: 2128 | G7: =E7/$E$14 -> 0.18978102 | H7: 77 | I7: 2150 | J7: =H7/$H$14 -> 0.18826406
A8: Alimentare e bevande | B8: 24 | C8: 556 | D8: =B8/$B$14 -> 0.059259259 | E8: 25 | F8: 567 | G8: =E8/$E$14 -> 0.060827251 | H8: 22 | I8: 561 | J8: =H8/$H$14 -> 0.053789731
A9: Carta, stampa, editoria | B9: n.d. | C9: n.d. | D9: n.d. | E9: n.d. | F9: n.d. | G9: n.d. | H9: n.d. | I9: n.d. | J9: n.d.
A10: Costruzioni e materiali da costruzione | B10: n.d. | C10: n.d. | D10: n.d. | E10: n.d. | F10: n.d. | G10: n.d. | H10: n.d. | I10: n.d. | J10: n.d.
A11: Logistica e trasporti | B11: n.d. | C11: n.d. | D11: n.d. | E11: n.d. | F11: n.d. | G11: n.d. | H11: n.d. | I11: n.d. | J11: n.d.
A12: Servizi alle imprese (ICT, consulenza, ecc.) | B12: 58 | C12: 949 | D12: =B12/$B$14 -> 0.14320988 | E12: 63 | F12: 793 | G12: =E12/$E$14 -> 0.15328467 | H12: 68 | I12: 821 | J12: =H12/$H$14 -> 0.16625917
A13: Altro manifatturiero | B13: =(B14-B12-B8-B7-B5) -> 64 | C13: =(C14-C12-C8-C7-C5) -> 2149 | D13: =B13/$B$14 -> 0.15802469 | E13: =(E14-E12-E8-E7-E5) -> 69 | F13: =(F14-F12-F8-F7-F5) -> 2286 | G13: =E13/$E$14 -> 0.16788321 | H13: =(H14-H12-H8-H7-H5) -> 69 | I13: =(I14-I12-I8-I7-I5) -> 2301 | J13: =H13/$H$14 -> 0.16870416
A14: TOTALE | B14: 405 | C14: 14990 | D14: =B14/$B$14 -> 1 | E14: 411 | F14: 15070 | G14: =E14/$E$14 -> 1 | H14: 409 | I14: 14994 | J14: =H14/$H$14 -> 1
A15: Fonte: Unione Industriale Biellese
A17: Imprese associate per dimensione - Provincia di Biella (2023-2025)
B18: 2023 | E18: 2024 | H18: 2025
A19: Dimensione | B19: N° imprese associate | C19: N° addetti totali | D19: Var.% imprese | E19: N° imprese associate | F19: N° addetti totali | G19: Var.% imprese | H19: N° imprese associate | I19: N° addetti totali | J19: Var.% imprese
A20: Micro - Piccola (1–50 addetti) | B20: 334 | C20: n.d. | D20: =B20/$B$23 -> 0.82469136 | E20: 338 | F20: n.d. | G20: =E20/$E$23 -> 0.82238443 | H20: 344 | I20: n.d. | J20: =H20/$H$23 -> 0.84107579
A21: Media (51–100 addetti) | B21: 38 | C21: n.d. | D21: =B21/$B$23 -> 0.09382716 | E21: 40 | F21: n.d. | G21: =E21/$E$23 -> 0.097323601 | H21: 33 | I21: n.d. | J21: =H21/$H$23 -> 0.080684597
A22: Grande (101+ addetti) | B22: 33 | C22: n.d. | D22: =B22/$B$23 -> 0.081481481 | E22: 33 | F22: n.d. | G22: =E22/$E$23 -> 0.080291971 | H22: 32 | I22: n.d. | J22: =H22/$H$23 -> 0.078239609
A23: TOTALE | B23: =SUM(B20:B22) -> 405 | C23: 14990 | D23: =B23/$B$23 -> 1 | E23: =SUM(E20:E22) -> 411 | F23: 15070 | G23: =E23/$E$23 -> 1 | H23: =SUM(H20:H22) -> 409 | I23: 14994 | J23: =H23/$H$23 -> 1
A24: Fonte: Unione Industriale Biellese
A25: Dati riferiti alle sole imprese associate a UI Biellese — non rappresentano il totale delle imprese Provinciali. N° addetti = dipendenti delle imprese associate al 31/12 dell'anno.

Sheet Indicatore 17_Esercizi ricettiv
A1: Esercizi ricettivi e posti letto - Provincia di Biella (2020-2025)
B3: 2020 | F3: 2021 | J3: 2022 | N3: Variazione % rispetto all'annualità precedente | P3: 2023 | T3: Variazione % rispetto all'annualità precedente | V3: 2024 | Z3: Variazione % rispetto all'annualità precedente | AB3: 2025 | AF3: Variazione % rispetto all'annualità precedente
B4: Strutture | C4: % Strutture | D4: Posti letto | E4: % posti letto | F4: Strutture | G4: % Strutture | H4: Posti letto | I4: % posti letto | J4: Strutture | K4: % Strutture | L4: Posti letto | M4: % posti letto | N4: Strutture | O4: Posti letto | P4: Strutture | Q4: % Strutture | R4: Posti letto | S4: % posti letto | T4: Strutture | U4: Posti letto | V4: Strutture | W4: % Strutture | X4: Posti letto | Y4: % posti letto | Z4: Strutture | AA4: Posti letto | AB4: Strutture | AC4: % Strutture | AD4: Posti letto | AE4: % posti letto | AF4: Strutture | AG4: Posti letto
A5: Alberghi | B5: 27 | C5: 0.08544304 | D5: 1199 | E5: 0.18772507 | F5: 27 | G5: =F5/$F$15 -> 0.075208914 | H5: 1216 | I5: =H5/$H$15 -> 0.18258258 | J5: 27 | K5: =J5/$J$15 -> 0.063084112 | L5: 1244 | M5: =L5/$L$15 -> 0.17886413 | N5: =(J5-F5)/F5 -> 0 | O5: =(L5-H5)/H5 -> 0.023026316 | P5: 28 | Q5: =P5/$P$15 -> 0.051756007 | R5: 1328 | S5: =R5/$R$15 -> 0.17570786 | T5: =(P5-J5)/J5 -> 0.037037037 | U5: =(R5-L5)/L5 -> 0.067524116 | V5: 27 | W5: =V5/$V$15 -> 0.039473684 | X5: 1255 | Y5: =X5/$X$15 -> 0.16286011 | Z5: =(V5-P5)/P5 -> -0.035714286 | AA5: =(X5-R5)/R5 -> -0.05496988 | AB5: 27 | AC5: =AB5/$AB$15 -> 0.031690141 | AD5: 1262 | AE5: =AD5/$AD$15 -> 0.14710339 | AF5: =(AB5-V5)/V5 -> 0 | AG5: =(AD5-X5)/X5 -> 0.0055776892
A6: Residenze turistiche | B6: 1 | C6: 0.00316456 | D6: 62 | E6: 0.00970722 | F6: 1 | G6: =F6/$F$15 -> 0.0027855153 | H6: 62 | I6: =H6/$H$15 -> 0.0093093093 | J6: 1 | K6: =J6/$J$15 -> 0.0023364486 | L6: 62 | M6: =L6/$L$15 -> 0.00891445 | N6: =(J6-F6)/F6 -> 0 | O6: =(L6-H6)/H6 -> 0 | P6: 1 | Q6: =P6/$P$15 -> 0.0018484288 | R6: 62 | S6: =R6/$R$15 -> 0.0082032284 | T6: =(P6-J6)/J6 -> 0 | U6: =(R6-L6)/L6 -> 0 | V6: 1 | W6: =V6/$V$15 -> 0.0014619883 | X6: 62 | Y6: =X6/$X$15 -> 0.0080456787 | Z6: =(V6-P6)/P6 -> 0 | AA6: =(X6-R6)/R6 -> 0 | AB6: 1 | AC6: =AB6/$AB$15 -> 0.0011737089 | AD6: 62 | AE6: =AD6/$AD$15 -> 0.0072269495 | AF6: =(AB6-V6)/V6 -> 0 | AG6: =(AD6-X6)/X6 -> 0
A7: Affittacamere | B7: 27 | C7: 0.08544304 | D7: 192 | E7: 0.03006106 | F7: 30 | G7: =F7/$F$15 -> 0.08356546 | H7: 209 | I7: =H7/$H$15 -> 0.031381381 | J7: 34 | K7: =J7/$J$15 -> 0.079439252 | L7: 231 | M7: =L7/$L$15 -> 0.033213515 | N7: =(J7-F7)/F7 -> 0.13333333 | O7: =(L7-H7)/H7 -> 0.10526316 | P7: 32 | Q7: =P7/$P$15 -> 0.059149723 | R7: 220 | S7: =R7/$R$15 -> 0.02910823 | T7: =(P7-J7)/J7 -> -0.058823529 | U7: =(R7-L7)/L7 -> -0.047619048 | V7: 36 | W7: =V7/$V$15 -> 0.052631579 | X7: 242 | Y7: =X7/$X$15 -> 0.031404101 | Z7: =(V7-P7)/P7 -> 0.125 | AA7: =(X7-R7)/R7 -> 0.1 | AB7: 43 | AC7: =AB7/$AB$15 -> 0.050469484 | AD7: 280 | AE7: =AD7/$AD$15 -> 0.032637837 | AF7: =(AB7-V7)/V7 -> 0.19444444 | AG7: =(AD7-X7)/X7 -> 0.15702479
A8: Agriturismo | B8: 40 | C8: 0.12658228 | D8: 398 | E8: 0.06231408 | F8: 39 | G8: =F8/$F$15 -> 0.1086351 | H8: 394 | I8: =H8/$H$15 -> 0.059159159 | J8: 43 | K8: =J8/$J$15 -> 0.10046729 | L8: 416 | M8: =L8/$L$15 -> 0.059813084 | N8: =(J8-F8)/F8 -> 0.1025641 | O8: =(L8-H8)/H8 -> 0.055837563 | P8: 43 | Q8: =P8/$P$15 -> 0.07948244 | R8: 421 | S8: =R8/$R$15 -> 0.055702567 | T8: =(P8-J8)/J8 -> 0 | U8: =(R8-L8)/L8 -> 0.012019231 | V8: 40 | W8: =V8/$V$15 -> 0.058479532 | X8: 390 | Y8: =X8/$X$15 -> 0.050609914 | Z8: =(V8-P8)/P8 -> -0.069767442 | AA8: =(X8-R8)/R8 -> -0.073634204 | AB8: 37 | AC8: =AB8/$AB$15 -> 0.04342723 | AD8: 373 | AE8: =AD8/$AD$15 -> 0.043478261 | AF8: =(AB8-V8)/V8 -> -0.075 | AG8: =(AD8-X8)/X8 -> -0.043589744
A9: Bed & breakfast | B9: 114 | C9: 0.36075949 | D9: 528 | E9: 0.08266792 | F9: 122 | G9: =F9/$F$15 -> 0.33983287 | H9: 579 | I9: =H9/$H$15 -> 0.086936937 | J9: 129 | K9: =J9/$J$15 -> 0.30140187 | L9: 608 | M9: =L9/$L$15 -> 0.087419123 | N9: =(J9-F9)/F9 -> 0.057377049 | O9: =(L9-H9)/H9 -> 0.050086356 | P9: 123 | Q9: =P9/$P$15 -> 0.22735675 | R9: 593 | S9: =R9/$R$15 -> 0.07845991 | T9: =(P9-J9)/J9 -> -0.046511628 | U9: =(R9-L9)/L9 -> -0.024671053 | V9: 123 | W9: =V9/$V$15 -> 0.17982456 | X9: 608 | Y9: =X9/$X$15 -> 0.078899559 | Z9: =(V9-P9)/P9 -> 0 | AA9: =(X9-R9)/R9 -> 0.02529511 | AB9: 117 | AC9: =AB9/$AB$15 -> 0.13732394 | AD9: 571 | AE9: =AD9/$AD$15 -> 0.066557874 | AF9: =(AB9-V9)/V9 -> -0.048780488 | AG9: =(AD9-X9)/X9 -> -0.060855263
A10: Campeggio | B10: 7 | C10: 0.0221519 | D10: 1950 | E10: 0.30530766 | F10: 7 | G10: =F10/$F$15 -> 0.019498607 | H10: 1950 | I10: =H10/$H$15 -> 0.29279279 | J10: 7 | K10: =J10/$J$15 -> 0.01635514 | L10: 1950 | M10: =L10/$L$15 -> 0.28037383 | N10: =(J10-F10)/F10 -> 0 | O10: =(L10-H10)/H10 -> 0 | P10: 7 | Q10: =P10/$P$15 -> 0.012939002 | R10: 1950 | S10: =R10/$R$15 -> 0.25800476 | T10: =(P10-J10)/J10 -> 0 | U10: =(R10-L10)/L10 -> 0 | V10: 7 | W10: =V10/$V$15 -> 0.010233918 | X10: 1950 | Y10: =X10/$X$15 -> 0.25304957 | Z10: =(V10-P10)/P10 -> 0 | AA10: =(X10-R10)/R10 -> 0 | AB10: 8 | AC10: =AB10/$AB$15 -> 0.0093896714 | AD10: 2290 | AE10: =AD10/$AD$15 -> 0.26693088 | AF10: =(AB10-V10)/V10 -> 0.14285714 | AG10: =(AD10-X10)/X10 -> 0.17435897
A11: Case vacanze, per ferie e country house | B11: 24 | C11: 0.07594937 | D11: 1352 | E11: 0.21167997 | F11: 11 | G11: =F11/$F$15 -> 0.030640669 | H11: 1012 | I11: =H11/$H$15 -> 0.15195195 | J11: 13 | K11: =J11/$J$15 -> 0.030373832 | L11: 1034 | M11: =L11/$L$15 -> 0.14867002 | N11: =(J11-F11)/F11 -> 0.18181818 | O11: =(L11-H11)/H11 -> 0.02173913 | P11: 14 | Q11: =P11/$P$15 -> 0.025878004 | R11: 1063 | S11: =R11/$R$15 -> 0.14064567 | T11: =(P11-J11)/J11 -> 0.076923077 | U11: =(R11-L11)/L11 -> 0.028046422 | V11: 14 | W11: =V11/$V$15 -> 0.020467836 | X11: 1075 | Y11: =X11/$X$15 -> 0.13950169 | Z11: =(V11-P11)/P11 -> 0 | AA11: =(X11-R11)/R11 -> 0.011288805 | AB11: 13 | AC11: =AB11/$AB$15 -> 0.015258216 | AD11: =792+78 -> 870 | AE11: =AD11/$AD$15 -> 0.10141042 | AF11: =(AB11-V11)/V11 -> -0.071428571 | AG11: =(AD11-X11)/X11 -> -0.19069767
A12: Ostello | B12: 3 | C12: 0.00949367 | D12: 96 | E12: 0.01503053 | F12: 4 | G12: =F12/$F$15 -> 0.011142061 | H12: 120 | I12: =H12/$H$15 -> 0.018018018 | J12: 4 | K12: =J12/$J$15 -> 0.0093457944 | L12: 118 | M12: =L12/$L$15 -> 0.016966211 | N12: =(J12-F12)/F12 -> 0 | O12: =(L12-H12)/H12 -> -0.016666667 | P12: 5 | Q12: =P12/$P$15 -> 0.0092421442 | R12: 126 | S12: =R12/$R$15 -> 0.016671077 | T12: =(P12-J12)/J12 -> 0.25 | U12: =(R12-L12)/L12 -> 0.06779661 | V12: 5 | W12: =V12/$V$15 -> 0.0073099415 | X12: 126 | Y12: =X12/$X$15 -> 0.016350895 | Z12: =(V12-P12)/P12 -> 0 | AA12: =(X12-R12)/R12 -> 0 | AB12: 6 | AC12: =AB12/$AB$15 -> 0.0070422535 | AD12: 151 | AE12: =AD12/$AD$15 -> 0.017601119 | AF12: =(AB12-V12)/V12 -> 0.2 | AG12: =(AD12-X12)/X12 -> 0.1984127
A13: Rifugio e bivacco fisso | B13: 19 | C13: 0.06012658 | D13: 375 | E13: 0.05871301 | F13: 20 | G13: =F13/$F$15 -> 0.055710306 | H13: 384 | I13: =H13/$H$15 -> 0.057657658 | J13: 20 | K13: =J13/$J$15 -> 0.046728972 | L13: 384 | M13: =L13/$L$15 -> 0.055212078 | N13: =(J13-F13)/F13 -> 0 | O13: =(L13-H13)/H13 -> 0 | P13: 19 | Q13: =P13/$P$15 -> 0.035120148 | R13: 354 | S13: =R13/$R$15 -> 0.046837788 | T13: =(P13-J13)/J13 -> -0.05 | U13: =(R13-L13)/L13 -> -0.078125 | V13: 19 | W13: =V13/$V$15 -> 0.027777778 | X13: 334 | Y13: =X13/$X$15 -> 0.04334285 | Z13: =(V13-P13)/P13 -> 0 | AA13: =(X13-R13)/R13 -> -0.056497175 | AB13: 19 | AC13: =AB13/$AB$15 -> 0.022300469 | AD13: 334 | AE13: =AD13/$AD$15 -> 0.038932276 | AF13: =(AB13-V13)/V13 -> 0 | AG13: =(AD13-X13)/X13 -> 0
A14: Locazioni turistiche | B14: 54 | C14: 0.17088608 | D14: 235 | E14: 0.03679349 | F14: 98 | G14: =F14/$F$15 -> 0.2729805 | H14: 734 | I14: =H14/$H$15 -> 0.11021021 | J14: 150 | K14: =J14/$J$15 -> 0.35046729 | L14: 908 | M14: =L14/$L$15 -> 0.13055356 | N14: =(J14-F14)/F14 -> 0.53061224 | O14: =(L14-H14)/H14 -> 0.23705722 | P14: 269 | Q14: =P14/$P$15 -> 0.49722736 | R14: 1441 | S14: =R14/$R$15 -> 0.1906589 | T14: =(P14-J14)/J14 -> 0.79333333 | U14: =(R14-L14)/L14 -> 0.58700441 | V14: 412 | W14: =V14/$V$15 -> 0.60233918 | X14: 1664 | Y14: =X14/$X$15 -> 0.21593563 | Z14: =(V14-P14)/P14 -> 0.53159851 | AA14: =(X14-R14)/R14 -> 0.15475364 | AB14: 581 | AC14: =AB14/$AB$15 -> 0.68192488 | AD14: 2386 | AE14: =AD14/$AD$15 -> 0.27812099 | AF14: =(AB14-V14)/V14 -> 0.41019417 | AG14: =(AD14-X14)/X14 -> 0.43389423
A15: Totale | B15: 316 | C15: =SUM(C5:C14) -> 1 | D15: 6387 | E15: =SUM(E5:E14) -> 1 | F15: =SUM(F5:F14) -> 359 | G15: =F15/$F$15 -> 1 | H15: =SUM(H5:H14) -> 6660 | I15: =H15/$H$15 -> 1 | J15: =SUM(J5:J14) -> 428 | K15: =J15/$J$15 -> 1 | L15: =SUM(L5:L14) -> 6955 | M15: =L15/$L$15 -> 1 | N15: =(J15-F15)/F15 -> 0.19220056 | O15: =(L15-H15)/H15 -> 0.044294294 | P15: =SUM(P5:P14) -> 541 | Q15: =P15/$P$15 -> 1 | R15: =SUM(R5:R14) -> 7558 | S15: =R15/$R$15 -> 1 | T15: =(P15-J15)/J15 -> 0.26401869 | U15: =(R15-L15)/L15 -> 0.086700216 | V15: =SUM(V5:V14) -> 684 | W15: =V15/$V$15 -> 1 | X15: =SUM(X5:X14) -> 7706 | Y15: =X15/$X$15 -> 1 | Z15: =(V15-P15)/P15 -> 0.26432532 | AA15: =(X15-R15)/R15 -> 0.0195819 | AB15: =SUM(AB5:AB14) -> 852 | AC15: =AB15/$AB$15 -> 1 | AD15: =SUM(AD5:AD14) -> 8579 | AE15: =AD15/$AD$15 -> 1 | AF15: =(AB15-V15)/V15 -> 0.24561404 | AG15: =(AD15-X15)/X15 -> 0.11328835
A16: Fonte: Elaborazioni Camera di Commercio Monte Rosa Laghi Alto Piemonte
A17: Note: Alberghi (2, 3 e 4 stelle); Residenze turistiche (2 e 3 stelle); locazioni turistiche (villaggio turistico, alloggio vacanze, CAV - Residence).
A18: Nota metodologica: eventuali differenze significative tra i dati 2024 e 2025 potrebbero essere riconducibili, almeno in parte, alla variazione dei codici ATECO intervenuta nel periodo considerato. Tale cambiamento può incidere sulla classificazione delle attività e, di conseguenza, sulla comparabilità diretta tra le due annualità.

Sheet Indicatore 18a e 18b_Presenze e
A1: Presenze turistiche - Provincia di Biella (2018-2023)
B3: 2018 | D3: 2019 | F3: 2020 | H3: 2021 | J3: 2022 | L3: 2023
B4: v.a. totale delle presenze turistiche | C4: % | D4: v.a. totale delle presenze turistiche | E4: % | F4: v.a. totale delle presenze turistiche | G4: % | H4: v.a. totale delle presenze turistiche | I4: % | J4: v.a. totale delle presenze turistiche | K4: % | L4: v.a. totale delle presenze turistiche | M4: %
A5: Alberghiero | B5: 131685 | C5: =B5/$B$8 -> 0.56422242 | D5: 132753 | E5: =D5/$D$8 -> 0.61243386 | F5: 76612 | G5: =F5/$F$8 -> 0.55738898 | H5: 92806 | I5: =H5/$H$8 -> 0.49159626 | J5: 117757 | K5: =J5/J8 -> 0.4893228 | L5: 145112 | M5: =L5/L8 -> 0.49573654
A6: Extra-alberghiero | B6: 101707 | C6: =B6/$B$8 -> 0.43577758 | D6: 84010 | E6: =D6/$D$8 -> 0.38756614 | F6: 58166 | G6: =F6/$F$8 -> 0.4231855 | H6: 89139 | I6: =H6/$H$8 -> 0.47217205 | J6: 108716 | K6: =J6/J8 -> 0.45175419 | L6: 121415 | M6: =L6/L8 -> 0.41478204
A7: Locazioni turistiche | B7: n.d. | C7: n.d. | D7: n.d. | E7: n.d. | F7: 2670 | G7: =F7/$F$8 -> 0.019425528 | H7: 6840 | I7: =H7/$H$8 -> 0.036231692 | J7: 14180 | K7: =J7/J8 -> 0.058923014 | L7: 26193 | M7: =L7/L8 -> 0.089481416
A8: Totale (v.a.) | B8: 233392 | C8: 1 | D8: 216763 | E8: 1 | F8: 137448 | G8: 1 | H8: =SUM(H5:H7) -> 188785 | I8: =H8/$H$8 -> 1 | J8: =SUM(J5:J7) -> 240653 | K8: =J8/J8 -> 1 | L8: =SUM(L5:L7) -> 292720 | M8: =L8/L8 -> 1
A9: Fonte: Elaborazioni Camera di Commercio Monte Rosa Laghi Alto Piemonte
A11: Regione di provenienza dei turisti italiani - Provincia di Biella (2020-2025)
B13: 2020 | D13: 2021 | F13: 2022 | H13: 2023 | J13: 2024 | L13: 2025
A14: Regione di provenienza | B14: v.a. | C14: inc.%sul totale delle presenze turistiche | D14: v.a. | E14: inc.%sul totale delle presenze turistiche | F14: v.a. | G14: inc.%sul totale delle presenze turistiche | H14: v.a. | I14: inc.%sul totale delle presenze turistiche | J14: v.a. | K14: inc.%sul totale delle presenze turistiche | L14: v.a. | M14: inc.%sul totale delle presenze turistiche
A15: Piemonte | B15: 55174 | C15: 0.4747 | D15: 54596 | E15: 0.3714 | F15: 59593 | G15: =F15/F$35 -> 0.346733 | H15: 67529 | I15: =H15/H$35 -> 0.34057394 | J15: 69288 | K15: =J15/J$35 -> 0.3400588 | L15: 77510 | M15: =L15/L$35 -> 0.34614114
A16: Lombardia | B16: 22621 | C16: 0.1946 | D16: 33845 | E16: 0.2302 | F16: 41682 | G16: =F16/F$35 -> 0.24252051 | H16: 45755 | I16: =H16/H$35 -> 0.23075953 | J16: 47980 | K16: =J16/J$35 -> 0.2354812 | L16: 52558 | M16: =L16/L$35 -> 0.23471147
A17: Emilia Romagna | B17: 5017 | C17: 0.0432 | D17: 8007 | E17: 0.0545 | F17: 10671 | G17: =F17/F$35 -> 0.062087624 | H17: 12181 | I17: =H17/H$35 -> 0.061433327 | J17: 12172 | K17: =J17/J$35 -> 0.059738998 | L17: 13920 | M17: =L17/L$35 -> 0.062163393
A18: Veneto | B18: 4644 | C18: 0.04 | D18: 8508 | E18: 0.0579 | F18: 11489 | G18: =F18/F$35 -> 0.066847036 | H18: 11880 | I18: =H18/H$35 -> 0.059915271 | J18: 11588 | K18: =J18/J$35 -> 0.056872782 | L18: 13646 | M18: =L18/L$35 -> 0.060939775
A19: Toscana | B19: 3195 | C19: 0.0275 | D19: 6313 | E19: 0.0429 | F19: 6569 | G19: =F19/F$35 -> 0.038220748 | H19: 7558 | I19: =H19/H$35 -> 0.038117813 | J19: 7711 | K19: =J19/J$35 -> 0.037844842 | L19: 9398 | M19: =L19/L$35 -> 0.041969222
A20: Liguria | B20: 5119 | C20: 0.044 | D20: 5081 | E20: 0.0346 | F20: 5169 | G20: =F20/F$35 -> 0.030075057 | H20: 6719 | I20: =H20/H$35 -> 0.033886423 | J20: 6424 | K20: =J20/J$35 -> 0.03152837 | L20: 8029 | M20: =L20/L$35 -> 0.035855595
A21: Lazio | B21: 3004 | C21: 0.0258 | D21: 5856 | E21: 0.0398 | F21: 8072 | G21: =F21/F$35 -> 0.04696573 | H21: 8993 | I21: =H21/H$35 -> 0.045355053 | J21: 9585 | K21: =J21/J$35 -> 0.047042252 | L21: 7998 | M21: =L21/L$35 -> 0.035717157
A22: Campania | B22: 2802 | C22: 0.0241 | D22: 4644 | E22: 0.0316 | F22: 6565 | G22: =F22/F$35 -> 0.038197475 | H22: 7914 | I22: =H22/H$35 -> 0.039913254 | J22: 6142 | K22: =J22/J$35 -> 0.030144341 | L22: 7869 | M22: =L22/L$35 -> 0.035141073
A23: Sicilia | B23: 2973 | C23: 0.0256 | D23: 4270 | E23: 0.029 | F23: 4732 | G23: =F23/F$35 -> 0.027532437 | H23: 5298 | I23: =H23/H$35 -> 0.02671979 | J23: 7290 | K23: =J23/J$35 -> 0.035778614 | L23: 7185 | M23: =L23/L$35 -> 0.032086493
A24: Puglia | B24: 2482 | C24: 0.0214 | D24: 4070 | E24: 0.0277 | F24: 3905 | G24: =F24/F$35 -> 0.022720661 | H24: 4591 | I24: =H24/H$35 -> 0.023154125 | J24: 5933 | K24: =J24/J$35 -> 0.02911859 | L24: 4619 | M24: =L24/L$35 -> 0.02062735
A25: Marche | B25: 1871 | C25: 0.0161 | D25: 1890 | E25: 0.0129 | F25: 1471 | G25: =F25/F$35 -> 0.0085587944 | H25: 2121 | I25: =H25/H$35 -> 0.010696994 | J25: 1968 | K25: =J25/J$35 -> 0.0096587535 | L25: 3309 | M25: =L25/L$35 -> 0.014777203
A26: Trentino Alto-Adige | B26: 228 | C26: 0.002 | D26: 1466 | E26: 0.01 | F26: 1805 | G26: =F26/F$35 -> 0.010502124 | H26: 2232 | I26: =H26/H$35 -> 0.011256809 | J26: 2592 | K26: =J26/J$35 -> 0.012721285 | L26: 3189 | M26: =L26/L$35 -> 0.014241312
... A34: Molise | B34: 263 | C34: 0.0023 | D34: 282 | E34: 0.0019 | F34: 217 | G34: =F34/F$35 -> 0.0012625822 | H34: 836 | I34: =H34/H$35 -> 0.0042162598 | J34: 368 | K34: =J34/J$35 -> 0.0018061084 | L34: 661 | M34: =L34/L$35 -> 0.002951868
A35: Totale | B35: 116237 | C35: 1 | D35: 147007 | E35: 1 | F35: =SUM(F15:F34) -> 171870 | G35: =F35/F$35 -> 1 | H35: =SUM(H15:H34) -> 198280 | I35: =H35/H$35 -> 1 | J35: =SUM(J15:J34) -> 203753 | K35: =J35/J$35 -> 1 | L35: =SUM(L15:L34) -> 223926 | M35: =L35/L$35 -> 1
A36: Fonte: Elaborazioni Camera di Commercio Monte Rosa Laghi Alto Piemonte
A38: Arrivi e presenze dall'estero - Provincia di Biella (2023-2025)
B40: 2023 | G40: 2024 | L40: 2025
B41: Arrivi | D41: Presenze | G41: Arrivi | I41: Presenze | L41: Arrivi | N41: Presenze
B42: v.a. | C42: inc. % sul totale degli arrivi | D42: v.a. | E42: Rapporto tra arrivi e presenze | F42: inc. % sul totale delle presenze | G42: v.a. | H42: inc. % sul totale degli arrivi | I42: v.a. | J42: Rapporto tra arrivi e presenze | K42: inc. % sul totale delle presenze | L42: v.a. | M42: inc. % sul totale degli arrivi | N42: v.a. | O42: Rapporto tra arrivi e presenze | P42: inc. % sul totale delle presenze
A43: Francia | B43: 7870 | C43: =B43/$B$54 -> 0.2753963 | D43: 13652 | E43: =B43/$D43 -> 0.57647231 | F43: =D43/$D$54 -> 0.22063482 | G43: 8870 | H43: =G43/$G$54 -> 0.20421789 | I43: 16009 | J43: =G43/$I43 -> 0.55406334 | K43: =I43/$I$54 -> 0.15921432 | L43: 10264 | M43: =L43/$L$54 -> 0.21971529 | N43: 19670 | O43: =L43/$N43 -> 0.52180986 | P43: =N43/$N$54 -> 0.1693252
A44: Svizzera (incluso Liechtenstein) | B44: 6675 | C44: =B44/$B$54 -> 0.23357945 | D44: 11562 | E44: =B44/$D44 -> 0.57732226 | F44: =D44/$D$54 -> 0.18685759 | G44: 7523 | H44: =G44/$G$54 -> 0.17320532 | I44: 12769 | J44: =G44/$I44 -> 0.58916125 | K44: =I44/$I$54 -> 0.12699155 | L44: 7862 | M44: =L44/$L$54 -> 0.16829712 | N44: 14427 | O44: =L44/$N44 -> 0.54495044 | P44: =N44/$N$54 -> 0.1241919
A45: Germania | B45: 5607 | C45: =B45/$B$54 -> 0.19620674 | D45: 12567 | E45: =B45/$D45 -> 0.44616854 | F45: =D45/$D$54 -> 0.20309975 | G45: 5551 | H45: =G45/$G$54 -> 0.1278031 | I45: 13929 | J45: =G45/$I45 -> 0.39852107 | K45: =I45/$I$54 -> 0.1385281 | L45: 5752 | M45: =L45/$L$54 -> 0.12312962 | N45: 14399 | O45: =L45/$N45 -> 0.39947219 | P45: =N45/$N$54 -> 0.12395086
A46: Paesi Bassi | B46: 1959 | C46: =B46/$B$54 -> 0.068551632 | D46: 5786 | E46: =B46/$D46 -> 0.33857587 | F46: =D46/$D$54 -> 0.0935096 | G46: 3735 | H46: =G46/$G$54 -> 0.08599254 | I46: 9914 | J46: =G46/$I46 -> 0.37673996 | K46: =I46/$I$54 -> 0.098597713 | L46: 4031 | M46: =L46/$L$54 -> 0.0862892 | N46: 12331 | O46: =L46/$N46 -> 0.32689968 | P46: =N46/$N$54 -> 0.10614891
A47: Stati Uniti d'America | B47: 1763 | C47: =B47/$B$54 -> 0.06169297 | D47: 4948 | E47: =B47/$D47 -> 0.35630558 | F47: =D47/$D$54 -> 0.079966384 | G47: 2109 | H47: =G47/$G$54 -> 0.04855643 | I47: 5672 | J47: =G47/$I47 -> 0.37182652 | K47: =I47/$I$54 -> 0.056409746 | L47: 2556 | M47: =L47/$L$54 -> 0.05471476 | N47: 6534 | O47: =L47/$N47 -> 0.39118457 | P47: =N47/$N$54 -> 0.05624661
A48: Regno Unito | B48: 1684 | C48: =B48/$B$54 -> 0.058928509 | D48: 3635 | E48: =B48/$D48 -> 0.46327373 | F48: =D48/$D$54 -> 0.058746525 | G48: 1927 | H48: =G48/$G$54 -> 0.044366165 | I48: 4174 | J48: =G48/$I48 -> 0.46166747 | K48: =I48/$I$54 -> 0.041511686 | L48: 1939 | M48: =L48/$L$54 -> 0.041507011 | N48: 4475 | O48: =L48/$N48 -> 0.43329609 | P48: =N48/$N$54 -> 0.038522128
A49: Spagna | B49: 1060 | C49: =B49/$B$54 -> 0.037092767 | D49: 2823 | E49: =B49/$D49 -> 0.37548707 | F49: =D49/$D$54 -> 0.045623505 | G49: 1538 | H49: =G49/$G$54 -> 0.035410047 | I49: 4180 | J49: =G49/$I49 -> 0.36794258 | K49: =I49/$I$54 -> 0.041571358 | L49: 1605 | M49: =L49/$L$54 -> 0.034357273 | N49: 4055 | O49: =L49/$N49 -> 0.39580764 | P49: =N49/$N$54 -> 0.034906643
A50: Romania | B50: 757 | C50: =B50/$B$54 -> 0.026489834 | D50: 3966 | E50: =B50/$D50 -> 0.19087242 | F50: =D50/$D$54 -> 0.064095934 | G50: 888 | H50: =G50/$G$54 -> 0.020444813 | I50: 4216 | J50: =G50/$I50 -> 0.21062619 | K50: =I50/$I$54 -> 0.041929388 | L50: 1272 | M50: =L50/$L$54 -> 0.027228941 | N50: 3742 | O50: =L50/$N50 -> 0.33992517 | P50: =N50/$N$54 -> 0.032212246
A51: Polonia | B51: 663 | C51: =B51/$B$54 -> 0.023200476 | D51: 1496 | E51: =B51/$D51 -> 0.44318182 | F51: =D51/$D$54 -> 0.024177387 | G51: 958 | H51: =G51/$G$54 -> 0.022056453 | I51: 0 | J51: 0 | K51: =I51/$I$54 -> 0 | L51: 858 | M51: =L51/$L$54 -> 0.018366692 | N51: 3726 | O51: =L51/$N51 -> 0.23027375 | P51: =N51/$N$54 -> 0.032074513
A52: Altri Paesi Europei | B52: 538 | C52: =B52/$B$54 -> 0.018826329 | D52: 1438 | E52: =B52/$D52 -> 0.37413074 | F52: =D52/$D$54 -> 0.023240028 | G52: 1326 | H52: =G52/$G$54 -> 0.030529079 | I52: 2970 | J52: =G52/$I52 -> 0.44646465 | K52: =I52/$I$54 -> 0.029537544 | L52: 835 | M52: =L52/$L$54 -> 0.017874344 | N52: 2799 | O52: =L52/$N52 -> 0.29832083 | P52: =N52/$N$54 -> 0.024094622
A53: Non specificato | B53: 1 | C53: =B53/$B$54 -> 3.4993176e-05 | D53: 3 | E53: =B53/$D53 -> 0.33333333 | F53: =D53/$D$54 -> 4.8484065e-05 | G53: 9009 | H53: =G53/$G$54 -> 0.20741815 | I53: 26717 | J53: =G53/$I53 -> 0.33720103 | K53: =I53/$I$54 -> 0.2657086 | L53: 9741 | M53: =L53/$L$54 -> 0.20851975 | N53: 30009 | O53: =L53/$N53 -> 0.32460262 | P53: =N53/$N$54 -> 0.25832637
A54: Totale | B54: =SUM(B43:B53) -> 28577 | C54: =B54/$B$54 -> 1 | D54: =SUM(D43:D53) -> 61876 | E54: =B54/$D54 -> 0.46184304 | F54: =D54/$D$54 -> 1 | G54: =SUM(G42:G53) -> 43434 | H54: =G54/$G$54 -> 1 | I54: =SUM(I42:I53) -> 100550 | J54: =G54/$I54 -> 0.4319642 | K54: =I54/$I$54 -> 1 | L54: =SUM(L43:L53) -> 46715 | M54: =L54/$L$54 -> 1 | N54: =SUM(N43:N53) -> 116167 | O54: =L54/$N54 -> 0.40213658 | P54: =N54/$N$54 -> 1
A55: Fonte: Elaborazioni Camera di Commercio Monte Rosa Laghi Alto Piemonte
